 Dungeon Crawl Stone Soup version 0.21-a0-140-g479285b (console) character file.

595495 adeptbot the Slayer (level 27, -10/190 HPs)
             Began as a Gargoyle Berserker on July 19, 2017.
             Was the Champion of the Shining One.
             Mangled by a stone giant (36 damage)
             ... created by the rage of Trog
             ... on level 2 of the Tomb of the Ancients.
             The game lasted 01:57:29 (64817 turns).

adeptbot the Slayer (Gargoyle Berserker)           Turns: 64817, Time: 01:57:30

Health: -10/190    AC: 70    Str: 34 (37) XL:     27
Magic:  18/41      EV: 16    Int: 13 (17) God:    the Shining One [******]
Gold:   1677       SH: 27    Dex: 14      Spells: 26/26 levels left

rFire    . . .     SeeInvis +   K - +9 broad axe (holy)
rCold    + + .     Gourm    .   L - +0 large shield
rNeg     + + +     Faith    +   G - +9 plate armour of the Arcane {rF+ rN+ MP+9}
rPois    ∞         Spirit   .   t - +2 helmet {SInv}
rElec    +         Reflect  .   j - +2 cloak {rPois}
rCorr    .         Harm     .   o - +2 pair of gloves
MR       +++..                  q - +2 pair of boots
Stlth    ..........             p - amulet of faith
HPRegen  0.41/turn              u - ring of Zamol {rC+ AC+3 Str+4 Int+5}
MPRegen  0.27/turn              M - ring "Jusm" {Ice rN+ MR+ Str+3 Dex+3}

@: flying, glowing
A: big wings, hooves 1, agile 1, negative energy resistance 1, electricity
resistance, unbreathing, petrification resistance, rot immunity, AC +20
}: 3/15 runes: serpentine, barnacled, silver
a: Stop Flying, Divine Shield, Cleansing Flame, Summon Divine Warrior, Renounce
Religion


You were on level 2 of the Tomb of the Ancients.
You worshipped the Shining One.
The Shining One was exalted by your worship.
You were near starving.

You visited 10 branches of the dungeon, and saw 47 of its levels.

You collected 7018 gold pieces.
You spent 5341 gold pieces at shops.


Innate Abilities, Weirdness & Mutations

You are resistant to torment.
Your stone body is resilient. (AC +20)
You are immune to poison.
Your large and strong wings let you fly indefinitely.
You resist negative energy. (rN+)
You are resistant to electric shocks. (rElec)
You can survive without breathing.
You are immune to petrification.
You are immune to rotting.
You have large cloven feet.
You are agile. (Dex +2)


   Skills:
 + Level 24.2 Fighting
 - Level 18.0 Axes
 - Level 24.0 Armour
 - Level 12.0 Dodging
 - Level 24.0 Shields
 - Level 12.1 Invocations


You had 26 spell levels left.
You didn't know any spells.

Inventory:

Hand Weapons
 d - the +10 broad axe of the Wheel {flame, Dex+3}
   (You took it off a guardian mummy on level 1 of the Tomb of the Ancients)

   It has been specially enchanted to burn those struck by it, causing extra
   injury to most foes and up to half again as much damage against particularly
   susceptible opponents.
   Big, fiery blades are also staple armaments of hydra-hunters.
   It affects your dexterity (+3).
 K - a +9 broad axe of holy wrath (weapon)
Armour
 j - a +2 cloak of poison resistance (worn)
 o - a +2 pair of gloves (worn)
 q - a +2 pair of boots (worn)
 t - a +2 helmet of see invisible (worn)
 B - the +0 pair of gloves of the Little Devil {Regen+ rCorr Str-2}
   (You found it on level 11 of the Dungeon)

   It affects your strength (-2).
   It increases your rate of regeneration.
   It protects you from acid and corrosion.
 D - a scarf of resistance
 G - the +9 plate armour of the Arcane (worn) {rF+ rN+ MP+9}
   (You bought it in a shop on level 2 of the Orcish Mines)

   It protects you from fire.
   It protects you from negative energy.
   It affects your magic capacity (+9).
 L - a +0 large shield (worn)
Jewellery
 p - an amulet of faith (around neck)
 u - the ring of Zamol (left hand) {rC+ AC+3 Str+4 Int+5}
   (You found it on level 4 of the Depths)

   [ring of protection]

   It affects your AC (+3).
   It affects your strength (+4).
   It affects your intelligence (+5).
   It protects you from cold.
 z - an uncursed ring of resist corrosion
 E - a +4 ring of evasion
 F - an uncursed ring of protection from cold
 I - an uncursed ring of resist corrosion
 M - the ring "Jusm" (right hand) {Ice rN+ MR+ Str+3 Dex+3}
   (You bought it in a shop on level 3 of the Snake Pit)

   [ring of ice]

   It enhances your ice magic.
   It affects your strength (+3).
   It affects your dexterity (+3).
   It makes you vulnerable to fire.
   It protects you from cold.
   It protects you from negative energy.
   It affects your resistance to hostile enchantments.
 Y - an uncursed ring of protection from fire
Wands
 n - a wand of digging (18/24)
Scrolls
 b - 28 scrolls of identify
 g - 5 scrolls of enchant armour
 x - 17 scrolls of remove curse
 y - 14 scrolls of enchant weapon
 A - 5 scrolls of recharging
Potions
 f - 14 potions of might
 i - a potion of resistance
 l - 10 potions of haste
 m - 28 potions of curing
 r - 7 potions of mutation
Comestibles
 a - 17 bread rations
 w - 16 meat rations

Dungeon Overview and Level Annotations

Branches:
Dungeon (15/15)            Temple (1/1) D:4            Lair (6/6) D:10
 Shoals (4/4) Lair:2        Snake (4/4) Lair:2        Slime (0/5) Lair:5
    Orc (2/2) D:10            Elf (0/3) Orc:2        Vaults (5/5) D:13
  Crypt (3/3) Vaults:2       Tomb (2/3) Crypt:3      Depths (5/5) D:15
    Zot (0/5) Depths:5

Altars:
Ashenzari
Cheibriados
Dithmenos
Elyvilon
Fedhas
Gozag
Hepliaklqana
Kikubaaqudgha
Makhleb
Nemelex Xobeh
Okawaru
Qazlal
Ru
Sif Muna
Trog
Uskayaw
Vehumet
Wu Jian
Xom
Yredelemnul
Zin
The Shining One
Lugonu

Shops:
D:7 =   D:10 =   D:14 *   Orc:2 (([*   Snake:1 }   Snake:3 =}=%   Snake:4 [
Vaults:1 :*[   Vaults:4 ?((*   Vaults:5 %!?!?!?!   Depths:1 =*   Depths:5 ?**

Portals:
Hell: Lair:6 Depths:1 Depths:2 Depths:3 Depths:4 Depths:5
Abyss: Depths:1 Depths:4
Pandemonium: Depths:3 Depths:4
Ziggurat: Depths:3
Trove: Vaults:2 (show slimy rune of Zot)


Message History

That felt strangely unrewarding.
You hit the troll but do no damage. You slash the stone giant!
You hit the emperor scorpion but do no damage.
You slice the chaos spawn!!
The chaos spawn convulses!!
You kill the chaos spawn!
The chaos spawn degenerates into a cloud of primal chaos!
Your angel hits the stone giant with a whip of holy wrath.
Your angel hits the stone giant with a whip of holy wrath!
The troll bites you but does no damage.
You block the troll's attack. x2; The stone giant hits your angel!!!
The neqoxec gestures.
The reaper closely misses you.
You block the emperor scorpion's attack. x2
The emperor scorpion claws you but does no damage.
You completely miss the emperor scorpion.
The emperor scorpion is severely wounded.
You slice the greater mummy!!
The greater mummy convulses!
You slash the cyclops! You slash the troll! You hit the stone giant.
Your angel gestures.
Your angel is healed somewhat.
The greater mummy is engulfed in seething chaos.
The greater mummy seems to speed up.
You block the greater mummy's attack. The stone giant hits you!!!
You die...

.....M..sMs.....
....Z.¤Z¤s......
.....$..........
............s......
...................
......#...#........
...........ZZM.5...
..........z5s35..
.......2WMM¤
#$....nMMs#
#......OC@#
#......VTC#
$.(......MA....
..............M
#######'####### ^.
... #...


You could see 2 greater mummies, an emperor scorpion, a stone giant (berserk), a
reaper, a jiangshi, a two-headed ogre (berserk), a shadow wraith (invisible), a
cyclops (berserk), a guardian mummy, a troll (berserk), a neqoxec, 2 death
scarabs, a necrophage, 3 mummies, an iron imp, a wight, a white imp, an
ufetubus, a six-headed hydra zombie, an ogre zombie and a friendly angel.

Vanquished Creatures
  An ancient lich (Crypt:3)
  A juggernaut (Depths:5)
  3 greater mummies
  Boris (Tomb:1)
  Xtahua (Crypt:3)
  3 golden dragons
  Saint Roka (Crypt:2)
  11 caustic shrikes
  Jory (Crypt:1)
  A bone dragon (Crypt:3)
  the Enchantress (Depths:1)
  10 liches
  Jorgrun (Crypt:2)
  Rupert (D:13)
  8 tentacled monstrosities
  A quicksilver dragon (Vaults:5)
  A deep elf blademaster (Depths:4)
  5 titans
  9 sphinxes
  2 ancient champions (Crypt:2)
  4 shadow dragons
  Ilsuiw (Shoals:4)
  4 storm dragons
  5 tengu reavers
  15 nagarajas
  3 revenants
  2 draconian knights (Depths:5)
  9 frost giants
  Donald (Vaults:3)
  2 iron dragons
  9 fire giants
  19 vault wardens
  A balrug (Depths:1)
  Louise (D:14)
  4 ghouls
  A deep elf sorcerer (Depths:4)
  A draconian annihilator (Depths:4)
  14 ironheart preservers
  4 curse skulls
  2 entropy weavers (Depths:4)
  12 very ugly things
  33 stone giants
  6 war gargoyles
  4 spriggan defenders
  12 vampire knights
  3 deep elf demonologists
  2 green draconians (Depths:5)
  A spark wasp (Depths:3)
  A deep elf annihilator (Depths:5)
  2 pale draconians (Depths:5)
  2 red draconians (Depths:5)
  2 black draconians (Depths:5)
  8 merfolk javelineers
  3 eidola
  2 deep elf death magi
  14 ettins
  8 fire dragons
  9 merfolk impalers
  10 jiangshi (Crypt:1)
  4 great orbs of eyes
  21 yaktaur captains
  2 small abominations
  3 deep elf high priests
  9 mummy priests
  43 vault guards
  9 spriggan air magi
  21 naga warriors
  10 rakshasas
  4 hydras
  Harold (Lair:3)
  16 ice dragons
  8 merfolk aquamancers
  6 centaur warriors
  An anaconda (shapeshifter) (Depths:4)
  4 merfolk avatars
  25 anacondas
  4 catoblepae
  5 death knights
  2 death yaks (Lair:6)
  6 tengu warriors
  2 satyrs
  47 two-headed ogres
  14 deep troll earth magi
  8 death scarabs
  6 vampire magi (Crypt:1)
  Urug (Lair:4)
  16 ogre magi
  8 spriggan berserkers
  10 shock serpents
  A dancing weapon (Vaults:5)
  A storm dragon zombie (Crypt:2)
  12 deep troll shamans
  11 naga sharpshooters
  5 deep elf knights
  3 orc high priests (Orc:2)
  A soul eater (Crypt:2)
  7 hell knights
  3 sun demons
  28 skeletal warriors
  A titan skeleton (Crypt:3)
  5 iron trolls
  8 salamander mystics
  A shadow wraith (Crypt:3)
  2 death drakes (shapeshifter)
  A glowing orange brain (shapeshifter) (Vaults:2)
  A spark wasp zombie (Crypt:2)
  4 unseen horrors
  15 sea snakes
  37 deep trolls
  5 glowing orange brains
  12 flayed ghosts
  6 wizards
  3 swamp dragons (Depths:5)
  12 naga ritualists
  17 ironbrand convokers
  15 orc knights
  A lindwurm (shapeshifter) (Depths:3)
  A wolf spider zombie (Tomb:1)
  25 harpies
  2 golden dragon skeletons (Crypt:3)
  22 phantasmal warriors
  An anaconda skeleton (Crypt:3)
  10 deep elf archers
  3 necromancers
  12 mana vipers
  5 orc sorcerers
  An orb spider (shapeshifter) (Depths:4)
  A wolf spider (shapeshifter) (Vaults:5)
  10 deep elf magi
  A manticore (shapeshifter) (Vaults:5)
  3 wolf spiders
  A shadow dragon skeleton (Crypt:3)
  A cyclops (shapeshifter) (Vaults:5)
  33 ugly things
  4 frost giant zombies (Crypt:1)
  9 salamanders
  17 cyclopes
  15 manticores
  3 fire giant zombies (Crypt:1)
  3 fauns (Shoals:2)
  7 merfolk sirens
  A moth of wrath (shapeshifter) (Depths:4)
  Maurice (D:13)
  7 guardian serpents
  A guardian serpent (shapeshifter) (Depths:5)
  3 stone giant skeletons
  22 naga magi
  50 black mambas
  23 vault sentinels
  9 elephants
  A centaur zombie (D:11)
  2 water nymphs (shapeshifter)
  7 water nymphs
  10 gargoyles
  2 kobold demonologists (D:10)
  6 smoke demons
  A spiny frog (shapeshifter) (Vaults:1)
  A red draconian zombie (Crypt:2)
  3 orange demons (Lair:6)
  13 spiny frogs
  A death yak zombie (Crypt:1)
  59 yaktaurs
  4 rime drakes
  10 komodo dragons
  7 freezing wraiths
  A redback zombie (D:14)
  A harpy zombie (D:15)
  A jumping spider (shapeshifter) (Vaults:1)
  9 red devils
  A jumping spider (Vaults:1)
  A queen bee (shapeshifter) (Vaults:5)
  3 meliai (shapeshifter)
  A yellow draconian skeleton (Crypt:2)
  8 guardian mummies
  7 tengu conjurers
  6 hornets
  An ice dragon zombie (Tomb:2)
  19 trolls
  7 polar bears
  4 wind drakes
  21 merfolk
  24 slime creatures
  A hydra skeleton (Tomb:1)
  A hippogriff (shapeshifter) (Vaults:2)
  14 snapping turtles
  A dream sheep (shapeshifter) (Vaults:5)
  A dream sheep (Lair:5)
  A fire dragon zombie (Crypt:3)
  A bog body (Crypt:1)
  An ettin zombie (Tomb:2)
  A raiju (shapeshifter) (Vaults:2)
  A black mamba zombie (Crypt:3)
  13 blink frogs (Lair:6)
  12 hippogriffs
  Sigmund (D:5)
  A redback (Vaults:1)
  10 flying skulls
  3 spriggans
  3 air elementals (Depths:3)
  An ettin skeleton (Crypt:3)
  A tarantella (shapeshifter) (Depths:4)
  12 wraiths
  6 wyverns
  15 water elementals
  4 ushabtiu
  3 shadows (Crypt:3)
  2 humans (D:13)
  A spriggan (shapeshifter) (Vaults:3)
  A black mamba skeleton (Tomb:1)
  16 yaks
  A human (shapeshifter) (Depths:4)
  5 basilisks
  2 hogs (shapeshifter)
  4 steam dragons
  5 hungry ghosts
  61 nagas
  A warg (shapeshifter) (Vaults:4)
  6 wargs
  An acid dragon (Vaults:2)
  A faun zombie (Crypt:1)
  2 soldier ants (shapeshifter)
  2 soldier ants (D:11)
  A spiny frog zombie (Crypt:2)
  10 hell hounds
  A snapping turtle zombie (Crypt:3)
  8 porcupines
  3 floating eyes
  13 water moccasins
  An ice beast (shapeshifter) (D:13)
  A monstrous demonspawn skeleton (Crypt:2)
  An ice beast (D:9)
  7 sky beasts
  9 black bears
  6 necrophages
  2 phantoms
  11 boggarts
  2 elephant zombies (Lair:3)
  49 ogres
  44 orc warriors
  14 wolves
  A swamp dragon skeleton (Tomb:1)
  22 centaurs
  A crocodile (shapeshifter) (Vaults:1)
  A hog skeleton (Crypt:1)
  A manticore skeleton (Crypt:3)
  19 crocodiles
  3 big kobolds
  A hippogriff zombie (Crypt:2)
  A komodo dragon zombie (Lair:3)
  23 bullfrogs
  A glowing shapeshifter simulacrum (Vaults:2)
  2 wyvern skeletons
  5 scorpions
  14 killer bees
  4 spectral wolves (Crypt:1)
  9 wights
  3 howler monkeys
  4 electric eels
  A bullfrog zombie (D:7)
  5 crimson imps
  7 jellies
  2 basilisk zombies (Lair:3)
  12 hounds
  16 orc priests
  3 bullfrog skeletons
  2 centaur skeletons
  27 orc wizards
  A hell rat (D:7)
  3 iguanas
  11 worker ants
  3 hound zombies
  25 mummies
  A hound skeleton (D:9)
  7 gnolls
  8 adders
  10 river rats (D:7)
  4 shadow imps
  2 oozes
  An adder zombie (D:5)
  An iguana zombie (Crypt:2)
  2 adder skeletons
  A lava snake skeleton (Crypt:1)
  3 worms
  2 dart slugs
  4 leopard geckos
  89 orcs
  9 giant cockroaches
  2 gnoll zombies (D:3)
  4 goblins
  7 hobgoblins
  5 jackals
  16 kobolds
  9 quokkas
  A ball python skeleton (D:4)
  3 bats (D:1)
  5 frilled lizards
  2 goblin skeletons (D:7)
  2 goblin zombies (D:7)
  3 hobgoblin zombies (D:7)
  2 kobold skeletons
  A kobold zombie (D:7)
  A leopard gecko skeleton (Crypt:1)
  An orc skeleton (Crypt:2)
  2 orc zombies (D:7)
  A quokka zombie (D:5)
  24 rats
  2 crawling corpses (Vaults:5)
  3 fungi
  7 plants
2264 creatures vanquished.

Vanquished Creatures (collateral kills)
  Sojobo (Crypt:3)
  A greater mummy (Tomb:1)
  2 caustic shrikes (Depths:5)
  2 liches
  A tentacled monstrosity (Depths:4)
  The ghost of tilp the Fencer, an adept HOFE of Vehumet (Shoals:3)
  A tengu reaver (Vaults:5)
  A fire giant (Depths:4)
  A frost giant (Depths:4)
  2 entropy weavers
  A stone giant (Depths:4)
  2 ironheart preservers
  2 war gargoyles
  A deep elf annihilator (Depths:4)
  A crystal guardian (Vaults:3)
  Josephine (D:10)
  A deep elf high priest (Depths:4)
  2 ettins
  A naga warrior (Snake:4)
  A vault guard (Vaults:3)
  A spriggan air mage (Depths:2)
  A rakshasa (Depths:4)
  4 hydras
  2 ice dragons
  A two-headed ogre (Tomb:2)
  3 deep troll earth magi
  A death scarab (Tomb:2)
  3 deep troll shamans
  2 spriggan berserkers
  A vampire mage (Depths:5)
  A tengu warrior (Depths:3)
  Sonja (D:13)
  A shadow wraith (Vaults:3)
  3 iron trolls
  A spriggan (Depths:1)
  A skeletal warrior (Crypt:3)
  A naga ritualist (Snake:4)
  8 deep trolls
  A glowing orange brain (Depths:5)
  An ironbrand convoker (Vaults:3)
  A deep elf archer (Vaults:3)
  A cyclops (Crypt:3)
  3 elephants (Lair:5)
  A black mamba (Snake:4)
  A smoke demon (Crypt:3)
  A spiny frog (Lair:5)
  2 yaktaurs
  A komodo dragon (shapeshifter) (Depths:5)
  2 guardian mummies (Tomb:2)
  A hornet (Depths:1)
  5 dream sheep (Lair:5)
  3 air elementals (Depths:2)
  A redback (Vaults:1)
  3 wraiths
  A tarantella (Vaults:1)
  A basilisk (Lair:3)
  A hungry ghost (Crypt:3)
  A naga (Snake:4)
  An orc warrior (Vaults:1)
  A fire dragon simulacrum (Tomb:2)
  An ice beast (D:13)
  4 boggarts
  A worker ant (D:13)
  An iguana (D:10)
  2 mummies
  A fungus (Lair:5)
106 creatures vanquished.

Vanquished Creatures (others)
  26 death scarabs (Tomb:2)
  A blink frog (Lair:6)
  6 flying skulls (Tomb:2)
  A boggart (Depths:4)
  3 mummies
  An orc (Vaults:5)
  A bush (Shoals:3)
  2 fungi
  21 plants
62 creatures vanquished.

Grand Total: 2432 creatures vanquished

Notes
Turn   | Place    | Note
-------+----------+-------------------------------------------
     0 | D:1      | adeptbot the Gargoyle Berserker began the quest for the Orb.
     0 | D:1      | Reached XP level 1. HP: 14/14 MP: 1/1
     0 | D:1      | 0 ||| counter = 4
   147 | D:1      | 147 ||| DROPPING club.
   163 | D:1      | Reached skill level 3 in Axes
   276 | D:1      | Reached XP level 2. HP: 19/19 MP: 2/2
   943 | D:1      | You fall through a shaft!
   944 | D:2      | 944 ||| Shafted from D:1 to D:2.
   954 | D:2      | Reached XP level 3. HP: 17/23 MP: 3/3
  1089 | D:1      | 1089 ||| Successfully unshafted to D:1.
  1247 | D:1      | 1247 ||| EATING 2 royal jellies.
  1250 | D:1      | 1250 ||| UPGRADING to leather armour.
  1260 | D:1      | 1260 ||| DROPPING +0 animal skin.
  1261 | D:1      | 1261 ||| UPGRADING to scale mail.
  1271 | D:1      | 1271 ||| DROPPING +0 leather armour.
  1272 | D:1      | 1272 ||| READING scroll labeled DOUSA XICKUNLE.
  1276 | D:1      | 1276 ||| READING scroll labeled INGUCI LEIHEIJEK.
  1337 | D:2      | Found a deep blue altar of Sif Muna.
  1337 | D:2      | Found a sacrificial altar of Ru.
  1337 | D:2      | Found a hazy altar of Hepliaklqana.
  1413 | D:2      | Reached ** piety under Trog
  1552 | D:2      | 1552 ||| INVOKING Berserk.
  1705 | D:2      | Found a shadowy altar of Dithmenos.
  1925 | D:2      | 1925 ||| READING 2 scrolls labeled ZUDOUTI UMEAPP.
  1926 | D:2      | 1926 ||| UPGRADING to whip.
  1927 | D:2      | 1927 ||| SWAPPING to +0 hand axe.
  1928 | D:2      | 1928 ||| READING scroll labeled TIKHLIL YNESCH.
  1929 | D:2      | 1929 ||| READING scroll labeled MIRRAGUT ATOMUGHU.
  2016 | D:3      | Reached XP level 4. HP: 28/28 MP: 4/4
  2028 | D:3      | 2028 ||| UPGRADING to glowing mace.
  2029 | D:3      | 2029 ||| SWAPPING to +0 hand axe.
  2030 | D:3      | 2030 ||| DROPPING +0 whip.
  2108 | D:3      | 2108 ||| UPGRADING to glowing flail.
  2109 | D:3      | 2109 ||| SWAPPING to +0 hand axe.
  2110 | D:3      | 2110 ||| DROPPING +1 mace of protection.
  2167 | D:3      | Found a white marble altar of Elyvilon.
  2504 | D:3      | Found a basalt altar of Yredelemnul.
  2506 | D:3      | 2506 ||| UPGRADING to chain mail.
  2516 | D:3      | 2516 ||| DROPPING +0 scale mail.
  2517 | D:3      | 2517 ||| UPGRADING to pair of gloves.
  2522 | D:3      | 2522 ||| READING scroll labeled XOBROI ZIBOET.
  2523 | D:3      | 2523 ||| READING scroll labeled KAREIN OHYKOE.
  2524 | D:3      | 2524 ||| READING scroll labeled IHAGAXZE KYGA.
  2525 | D:3      | 2525 ||| READING scroll labeled TAUCOU HUESUA.
  2526 | D:3      | 2526 ||| DRINKING 2 fuming inky potions.
  2527 | D:3      | 2527 ||| DROPPING potion of brilliance.
  2565 | D:4      | 2565 ||| STAIRDANCE
  2589 | D:4      | 2589 ||| STAIRDANCE
  2661 | D:4      | Reached XP level 5. HP: 25/32 MP: 5/5
  2725 | D:4      | 2725 ||| SWAPPING to runed hand axe.
  2726 | D:4      | 2726 ||| DROPPING +0 hand axe.
  2892 | D:4      | Found a staircase to the Ecumenical Temple.
  2939 | Temple   | Entered the Ecumenical Temple
  2940 | Temple   | 2940 ||| Entered T.
  3148 | Temple   | 3148 ||| DRINKING 2 viscous silvery potions.
  3336 | D:4      | 3336 ||| UPGRADING to glowing mace.
  3337 | D:4      | 3337 ||| READING scroll of remove curse.
  3338 | D:4      | 3338 ||| SWAPPING to +1 hand axe of venom.
  3339 | D:4      | 3339 ||| DROPPING -2 mace.
  3356 | D:4      | Found a glowing silver altar of Zin.
  3406 | D:4      | 3406 ||| EATING royal jelly.
  3437 | D:4      | Found an opulent altar of Gozag.
  3474 | D:4      | Reached XP level 6. HP: 34/38 MP: 6/6
  3533 | D:4      | 3533 ||| DRINKING 2 blue potions.
  3563 | D:5      | Entered Level 5 of the Dungeon
  3784 | D:5      | 3784 ||| INVOKING Berserk.
  3787 | D:5      | Reached skill level 6 in Axes
  3879 | D:5      | 3879 ||| EATING 2 bread rations.
  3884 | D:5      | 3884 ||| DROPPING +1 flail of holy wrath.
  4000 | D:5      | Found a radiant altar of Vehumet.
  4150 | D:5      | 4150 ||| INVOKING Berserk.
  4152 | D:5      | Reached skill level 3 in Armour
  4481 | D:5      | Reached XP level 7. HP: 37/43 MP: 7/7
  4554 | D:5      | Reached *** piety under Trog
  4851 | D:5      | Noticed Sigmund
  4852 | D:5      | 4852 ||| INVOKING Berserk.
  4858 | D:5      | Killed Sigmund
  4858 | D:5      | Reached XP level 8. HP: 51/51 MP: 8/8
  4917 | D:5      | 4917 ||| UPGRADING to pair of boots.
  4922 | D:5      | 4922 ||| READING scroll labeled ZIURUZAOLU.
  4923 | D:5      | 4923 ||| READING 3 scrolls of identify.
  4923 | D:5      | 4923 ||| IDENTIFYING jade ring
  4924 | D:5      | 4924 ||| UPGRADING to +4 ring of evasion.
  4925 | D:5      | 4925 ||| READING 2 scrolls of identify.
  4925 | D:5      | 4925 ||| IDENTIFYING lumpy steel amulet
  4926 | D:5      | 4926 ||| DROPPING amulet of rage.
  4939 | D:6      | 4939 ||| STAIRDANCE
  5017 | D:6      | 5017 ||| STAIRDANCE
  5031 | D:6      | 5031 ||| STAIRDANCE
  5033 | D:5      | 5033 ||| INVOKING Berserk.
  5189 | D:5      | 5189 ||| SWAPPING to war axe.
  5190 | D:5      | 5190 ||| DROPPING +1 hand axe of venom.
  5191 | D:5      | 5191 ||| UPGRADING to plate armour.
  5201 | D:5      | 5201 ||| DROPPING +0 chain mail.
  5353 | D:6      | Found a bloodstained altar of Trog.
  5727 | D:6      | 5727 ||| UPGRADING to flail of protection.
  5728 | D:6      | 5728 ||| SWAPPING to +0 war axe.
  5873 | D:6      | 5873 ||| UPGRADING to cloak.
  5878 | D:6      | 5878 ||| DRINKING 2 lumpy amethyst potions.
  5878 | D:6      | Gained mutation: You are agile. (Dex +2) [potion of mutation]
  5878 | D:6      | Gained mutation: You have large cloven feet. [potion of mutation]
  5878 | D:6      | Gained mutation: You have supernaturally acute eyesight. (SInv) [potion of mutation]
  5879 | D:6      | 5879 ||| READING 3 scrolls of identify.
  5879 | D:6      | 5879 ||| IDENTIFYING black potion
  5880 | D:6      | 5880 ||| READING 2 scrolls of identify.
  5880 | D:6      | 5880 ||| IDENTIFYING fizzy golden potion
  5881 | D:6      | 5881 ||| DROPPING potion of ambrosia.
  5952 | D:7      | Found Cism's Jewellery Boutique.
  5956 | D:7      | 5956 ||| SHOPLISTING ring of ice (300 gold, have 286).
  5956 | D:7      | 5956 ||| SHOPLISTING amulet of regeneration (360 gold, have 286).
  5956 | D:7      | 5956 ||| SHOPLISTING ring of protection from cold (300 gold, have 286).
  5956 | D:7      | 5956 ||| SHOPLISTING cursed ring "Fapeeth" {+Blink MR+ Str+3 Int-3 Dex+4} (369 gold, have 286).
  5956 | D:7      | 5956 ||| SHOPLISTING amulet of faith (480 gold, have 286).
  5956 | D:7      | 5956 ||| SHOPLISTING ring of protection from magic (300 gold, have 286).
  5956 | D:7      | 5956 ||| SHOPLISTING ring "Woaschost" {rC+ Int+3} (459 gold, have 286).
  5956 | D:7      | Bought a +2 ring of strength for 90 gold pieces
  5961 | D:7      | 5961 ||| INVOKING Berserk.
  5963 | D:7      | Reached skill level 6 in Fighting
  6038 | D:7      | 6038 ||| INVOKING Berserk.
  6043 | D:7      | Reached XP level 9. HP: 56/56 MP: 9/9
  6050 | D:7      | 6050 ||| READING scroll of teleportation.
  6052 | D:7      | Found a glowing golden altar of the Shining One.
  6098 | D:7      | Found an ancient bone altar of Kikubaaqudgha.
  6203 | D:7      | Reached **** piety under Trog
  6208 | D:7      | Reached skill level 9 in Axes
  6466 | D:7      | Reached skill level 6 in Armour
  6757 | D:7      | 6757 ||| INVOKING Berserk.
  6790 | D:7      | 6790 ||| STAIRDANCE
  6809 | D:6      | 6809 ||| EATING royal jelly.
  6810 | D:6      | 6810 ||| UPGRADING to buckler.
  6815 | D:6      | 6815 ||| UPGRADING to glowing hat.
  6820 | D:6      | 6820 ||| UPGRADING to +2 ring of strength.
  6821 | D:6      | 6821 ||| READING scroll labeled LIDEPYMPOEG.
  6856 | D:7      | 6856 ||| EATING 2 meat rations.
  7055 | D:7      | 7055 ||| INVOKING Berserk.
  7063 | D:7      | Reached skill level 3 in Shields
  7448 | D:8      | 7448 ||| INVOKING Berserk.
  7543 | D:8      | Reached ***** piety under Trog
  7581 | D:8      | Noticed a two-headed ogre
  7640 | D:8      | 7640 ||| INVOKING Berserk.
  7642 | D:8      | Killed a two-headed ogre
  7642 | D:8      | Reached XP level 10. HP: 63/63 MP: 10/10
  8063 | D:8      | 8063 ||| DRINKING 4 fizzy cyan potions.
  8064 | D:8      | 8064 ||| READING scroll of identify.
  8064 | D:8      | 8064 ||| IDENTIFYING ivory ring
  8065 | D:8      | 8065 ||| DROPPING 3 potions of agility.
  8161 | D:9      | 8161 ||| INVOKING Berserk.
  8190 | D:9      | 8190 ||| EATING 11 fruits.
  8250 | D:9      | Noticed a two-headed ogre
  8254 | D:9      | 8254 ||| INVOKING Berserk.
  8266 | D:9      | Killed a two-headed ogre
  8423 | D:9      | Noticed a two-headed ogre
  8428 | D:9      | 8428 ||| INVOKING Berserk.
  8434 | D:9      | Killed a two-headed ogre
  8434 | D:9      | Reached skill level 9 in Fighting
  8487 | D:9      | 8487 ||| INVOKING Berserk.
  8571 | D:9      | Noticed a two-headed ogre
  8573 | D:9      | 8573 ||| INVOKING Berserk.
  8577 | D:9      | Killed a two-headed ogre
  8577 | D:9      | Reached XP level 11. HP: 71/71 MP: 11/11
  8641 | D:9      | 8641 ||| INVOKING Berserk.
  8797 | D:9      | Found a burning altar of Makhleb.
  8844 | D:9      | 8844 ||| INVOKING Berserk.
  9063 | D:9      | Found an iron altar of Okawaru.
  9183 | D:9      | 9183 ||| READING scroll labeled RIDON EHYSCHA.
  9183 | D:9      | Identified a scroll of acquirement
  9184 | D:9      | Got a warped buckler
  9185 | D:9      | 9185 ||| UPGRADING to warped buckler.
  9195 | D:9      | Identified the +1 buckler "Ynnurhes" {rC+} (You acquired it on level 9 of the Dungeon)
  9195 | D:9      | 9195 ||| DROPPING +0 buckler.
  9196 | D:9      | 9196 ||| DRINKING 2 glowing green potions.
  9197 | D:9      | 9197 ||| DRINKING 3 fizzy orange potions.
  9198 | D:9      | 9198 ||| DROPPING 2 potions of invisibility.
  9223 | D:10     | Entered Level 10 of the Dungeon
  9226 | D:10     | 9226 ||| INVOKING Berserk.
  9231 | D:10     | Reached skill level 9 in Armour
  9292 | D:10     | 9292 ||| EATING 10 fruits.
  9317 | D:10     | Found a staircase to the Lair.
  9406 | D:10     | 9406 ||| EATING 9 fruits.
  9457 | D:10     | Noticed a two-headed ogre
  9459 | D:10     | 9459 ||| INVOKING Berserk.
  9474 | D:10     | Received a gift from Trog
  9480 | D:10     | Killed a two-headed ogre
  9542 | D:10     | 9542 ||| EATING 8 fruits.
  9602 | D:10     | Found a staircase to the Orcish Mines.
  9671 | D:10     | Noticed Josephine
  9677 | D:10     | Lost mutation: You have supernaturally acute eyesight. (SInv) [a neqoxec]
  9679 | D:10     | Noticed a sun demon
  9679 | D:10     | 9679 ||| INVOKING Brothers in Arms.
  9681 | D:10     | 9681 ||| INVOKING Berserk.
  9690 | D:10     | Reached skill level 12 in Axes
  9690 | D:10     | Killed Josephine
  9993 | D:10     | 9993 ||| INVOKING Berserk.
 10003 | D:10     | Found Lagotea's Jewellery Boutique.
 10053 | D:10     | Bought an uncursed ring of protection from cold for 350 gold pieces
 10053 | D:10     | 10053 ||| SHOPLISTING +3 ring of strength (219 gold, have 119).
 10053 | D:10     | 10053 ||| SHOPLISTING ring of fire (350 gold, have 119).
 10053 | D:10     | 10053 ||| SHOPLISTING amulet of guardian spirit (420 gold, have 119).
 10053 | D:10     | 10053 ||| SHOPLISTING ring of see invisible (210 gold, have 119).
 10073 | D:10     | 10073 ||| INVOKING Berserk.
 10348 | D:10     | 10348 ||| INVOKING Berserk.
 10381 | D:10     | 10381 ||| EATING 7 fruits.
 10433 | D:10     | 10433 ||| UPGRADING to ring of protection from cold.
 10435 | D:10     | 10435 ||| READING scroll labeled UHEUTI WETIU.
 10436 | D:10     | 10436 ||| READING scroll labeled XISIUM JORUOPH.
 10437 | D:10     | 10437 ||| DRINKING 2 ruby potions.
 10480 | D:10     | 10480 ||| READING scroll of identify.
 10480 | D:10     | 10480 ||| IDENTIFYING small jade ring
 10481 | D:10     | 10481 ||| DROPPING cursed ring of loudness.
 10482 | D:10     | 10482 ||| DROPPING potion of berserk rage.
 10548 | Lair:1   | Entered Level 1 of the Lair of Beasts
 10549 | Lair:1   | 10549 ||| Entered L.
 10615 | Lair:1   | 10615 ||| EATING 6 fruits.
 10633 | Lair:1   | 10633 ||| INVOKING Berserk.
 10693 | Lair:1   | 10693 ||| EATING 5 fruits.
 10725 | Lair:1   | 10725 ||| INVOKING Berserk.
 10769 | Lair:1   | 10769 ||| EATING 4 fruits.
 10828 | Lair:1   | Noticed a five-headed hydra
 10829 | Lair:1   | 10829 ||| INVOKING Brothers in Arms.
 10831 | Lair:1   | 10831 ||| SWAPPING to +2 flail of protection.
 10834 | Lair:1   | Killed a five-headed hydra
 10835 | Lair:1   | 10835 ||| SWAPPING to +0 war axe.
 10837 | Lair:1   | 10837 ||| EATING 3 fruits.
 10875 | Lair:1   | 10875 ||| INVOKING Berserk.
 10880 | Lair:1   | Reached skill level 3 in Dodging
 10922 | Lair:1   | 10922 ||| EATING 2 fruits.
 11037 | Lair:1   | 11037 ||| INVOKING Berserk.
 11164 | Lair:1   | 11164 ||| INVOKING Berserk.
 11223 | Lair:1   | 11223 ||| INVOKING Burn Spellbooks.
 11361 | Lair:1   | Reached XP level 12. HP: 77/77 MP: 12/12
 11533 | Lair:1   | 11533 ||| UPGRADING to runed platinum amulet.
 11534 | Lair:1   | 11534 ||| UPGRADING to glass ring.
 11536 | Lair:1   | 11536 ||| REMOVING ring of poison resistance.
 11537 | Lair:1   | 11537 ||| UPGRADING to ring of resist corrosion.
 11538 | Lair:1   | 11538 ||| UPGRADING to +2 ring of strength.
 11540 | Lair:1   | 11540 ||| UPGRADING to +4 ring of evasion.
 11542 | Lair:1   | 11542 ||| DROPPING ring of poison resistance.
 11543 | Lair:1   | 11543 ||| UPGRADING to ring of evasion.
 11546 | Lair:1   | 11546 ||| DROPPING +2 ring of strength.
 11547 | Lair:1   | 11547 ||| DROPPING ring of loudness.
 11548 | Lair:1   | 11548 ||| UPGRADING to +4 ring of evasion.
 11550 | Lair:1   | 11550 ||| UPGRADING to +2 ring of evasion.
 11552 | Lair:1   | 11552 ||| READING scroll labeled PERAOR KAKIPP.
 11553 | Lair:1   | 11553 ||| READING 2 scrolls of identify.
 11553 | Lair:1   | 11553 ||| IDENTIFYING bubbling sapphire potion
 11554 | Lair:1   | 11554 ||| DROPPING potion of degeneration.
 11873 | Lair:2   | Found a staircase to the Shoals.
 11960 | Lair:2   | Found a staircase to the Snake Pit.
 11967 | Lair:2   | 11967 ||| Stepping ~*~*~tactically~*~*~ (water).
 12118 | Lair:2   | 12118 ||| INVOKING Berserk.
 12780 | Lair:2   | 12780 ||| READING 3 scrolls of identify.
 12780 | Lair:2   | 12780 ||| IDENTIFYING bubbling grey potion
 12781 | Lair:2   | 12781 ||| READING 2 scrolls of identify.
 12781 | Lair:2   | 12781 ||| IDENTIFYING yellow potion
 12782 | Lair:2   | 12782 ||| DROPPING potion of cancellation.
 12783 | Lair:2   | 12783 ||| DROPPING wand of flame (?/48).
 12817 | Lair:3   | Noticed Harold
 12824 | Lair:3   | HP: 6/80 [Harold/bolt of fire (35)]
 12825 | Lair:3   | 12825 ||| DRINKING potion of heal wounds.
 12826 | Lair:3   | 12826 ||| INVOKING Berserk.
 12836 | Lair:3   | Killed Harold
 12867 | Lair:3   | 12867 ||| INVOKING Brothers in Arms.
 13075 | Lair:3   | Noticed a catoblepas
 13078 | Lair:3   | 13078 ||| INVOKING Berserk.
 13087 | Lair:3   | Killed a catoblepas
 13088 | Lair:3   | 13088 ||| EATING 7 fruits.
 13133 | Lair:3   | 13133 ||| EATING 6 fruits.
 13689 | Lair:3   | 13689 ||| Stepping ~*~*~tactically~*~*~ (water).
 13749 | Lair:3   | Reached XP level 13. HP: 84/84 MP: 13/13
 14394 | Lair:3   | 14394 ||| READING 2 scrolls labeled TYUM XO ISU.
 14395 | Lair:3   | 14395 ||| READING scroll of enchant armour.
 14395 | Lair:3   | 14395 ||| ENCHANTING +0 pair of gloves.
 14396 | Lair:3   | 14396 ||| READING 3 scrolls of identify.
 14396 | Lair:3   | 14396 ||| IDENTIFYING metallic orange potion
 14397 | Lair:3   | 14397 ||| DROPPING potion of lignification.
 14481 | Lair:4   | Noticed Urug
 14509 | Lair:4   | Killed Urug
 15347 | Lair:4   | 15347 ||| UPGRADING to glowing granite ring.
 15349 | Lair:4   | 15349 ||| REMOVING ring of flight.
 15350 | Lair:4   | 15350 ||| UPGRADING to ring of protection from cold.
 15351 | Lair:4   | 15351 ||| DROPPING ring of flight.
 15352 | Lair:4   | 15352 ||| UPGRADING to +4 ring of evasion.
 15354 | Lair:4   | 15354 ||| READING scroll labeled GIYPIA RILYILI.
 15384 | Lair:5   | 15384 ||| STAIRDANCE
 15603 | Lair:5   | 15603 ||| READING scroll of enchant armour.
 15603 | Lair:5   | 15603 ||| ENCHANTING +1 pair of gloves.
 15638 | Lair:5   | 15638 ||| INVOKING Brothers in Arms.
 15642 | Lair:5   | 15642 ||| SWAPPING to +2 flail of protection.
 15643 | Lair:5   | 15643 ||| INVOKING Berserk.
 15651 | Lair:5   | 15651 ||| SWAPPING to +1 war axe.
 15807 | Lair:5   | 15807 ||| INVOKING Brothers in Arms.
 15810 | Lair:5   | 15810 ||| SWAPPING to +2 flail of protection.
 15811 | Lair:5   | 15811 ||| INVOKING Berserk.
 15812 | Lair:5   | Reached skill level 15 in Axes
 15828 | Lair:5   | 15828 ||| SWAPPING to +1 war axe.
 16062 | Lair:5   | Found a staircase to the Slime Pits.
 16085 | Lair:5   | Received a gift from Trog
 16139 | Lair:5   | 16139 ||| SWAPPING to runed broad axe {god gift}.
 16140 | Lair:5   | 16140 ||| DROPPING +1 war axe.
 16449 | Lair:6   | Entered Level 6 of the Lair of Beasts
 16478 | Lair:6   | 16478 ||| INVOKING Berserk.
 16482 | Lair:6   | Reached skill level 12 in Fighting
 16483 | Lair:6   | 16483 ||| EATING 6 fruits.
 16917 | Lair:6   | 16917 ||| INVOKING Brothers in Arms.
 16920 | Lair:6   | 16920 ||| INVOKING Berserk.
 16924 | Lair:6   | Reached skill level 12 in Armour
 17080 | Lair:6   | 17080 ||| STAIRDANCE
 17142 | Lair:5   | 17142 ||| EATING 5 fruits.
 17368 | Lair:6   | 17368 ||| READING scroll of enchant weapon.
 17368 | Lair:6   | 17368 ||| ENCHANTING +5 antimagic broad axe.
 17390 | Lair:6   | 17390 ||| READING scroll of acquirement.
 17583 | Lair:6   | 17583 ||| INVOKING Brothers in Arms.
 17586 | Lair:6   | 17586 ||| SWAPPING to +2 flail of protection.
 17587 | Lair:6   | 17587 ||| INVOKING Berserk.
 17597 | Lair:6   | Gained mutation: Your large and strong wings let you fly indefinitely. [Gargoyle growth]
 17597 | Lair:6   | Reached XP level 14. HP: 92/92 MP: 4/14
 17601 | Lair:6   | 17601 ||| SWAPPING to +6 antimagic broad axe.
 17655 | Lair:6   | 17655 ||| INVOKING Fly.
 17655 | Lair:6   | 17655 ||| FLYING.
 17699 | Lair:6   | 17699 ||| INVOKING Berserk.
 18047 | Lair:6   | 18047 ||| INVOKING Brothers in Arms.
 18048 | Lair:6   | 18048 ||| SWAPPING to +2 flail of protection.
 18049 | Lair:6   | 18049 ||| INVOKING Berserk.
 18076 | Lair:6   | 18076 ||| SWAPPING to +6 antimagic broad axe.
 18137 | Lair:6   | 18137 ||| INVOKING Trog's Hand.
 18153 | Lair:6   | Found a burning altar of Makhleb.
 18155 | Lair:6   | 18155 ||| INVOKING Brothers in Arms.
 18157 | Lair:6   | Received a gift from Trog
 18160 | Lair:6   | 18160 ||| INVOKING Berserk.
 18279 | Lair:6   | Found a gateway to Hell.
 18464 | Lair:6   | 18464 ||| UPGRADING to glowing cloak.
 18476 | Lair:6   | 18476 ||| DROPPING +0 cloak.
 18746 | D:11     | Got a pair of fine gloves
 18835 | D:11     | 18835 ||| INVOKING Trog's Hand.
 19303 | D:11     | 19303 ||| READING scroll of enchant weapon.
 19303 | D:11     | 19303 ||| ENCHANTING +6 antimagic broad axe.
 19418 | D:11     | 19418 ||| UPGRADING to pair of fine gloves.
 19428 | D:11     | Identified the cursed +0 pair of gloves of the Little Devil {Regen+ rCorr Str-2} (You found it on level 11 of the Dungeon)
 19429 | D:11     | 19429 ||| READING 5 scrolls of remove curse.
 19430 | D:11     | 19430 ||| UPGRADING to +2 pair of gloves.
 19440 | D:11     | 19440 ||| UPGRADING to ring of protection from cold.
 19442 | D:11     | 19442 ||| UPGRADING to +4 ring of evasion.
 19444 | D:11     | 19444 ||| READING 2 scrolls of identify.
 19444 | D:11     | 19444 ||| IDENTIFYING sedimented black potion
 19445 | D:11     | 19445 ||| DROPPING potion of flight.
 19511 | D:12     | 19511 ||| INVOKING Berserk.
 19722 | D:12     | 19722 ||| INVOKING Burn Spellbooks.
 19753 | D:12     | Received a gift from Trog
 20258 | D:12     | Reached ****** piety under Trog
 20700 | D:12     | 20700 ||| UPGRADING to moonstone ring.
 20702 | D:12     | 20702 ||| REMOVING ring of magical power.
 20703 | D:12     | 20703 ||| UPGRADING to ring of protection from cold.
 20704 | D:12     | 20704 ||| DROPPING ring of magical power.
 20705 | D:12     | 20705 ||| UPGRADING to +4 ring of evasion.
 20742 | D:13     | Noticed Rupert
 20743 | D:13     | 20743 ||| INVOKING Trog's Hand.
 20744 | D:13     | 20744 ||| INVOKING Brothers in Arms.
 20746 | D:13     | 20746 ||| INVOKING Berserk.
 20753 | D:13     | Killed Rupert
 20828 | D:13     | 20828 ||| Stepping randomly (disturbance).
 20836 | D:13     | Reached XP level 15. HP: 96/98 MP: 5/15
 20853 | D:13     | Noticed Maurice
 20863 | D:13     | Killed Maurice
 20864 | D:13     | 20864 ||| INVOKING Burn Spellbooks.
 20916 | D:13     | 20916 ||| READING scroll of enchant armour.
 20916 | D:13     | 20916 ||| ENCHANTING +1 hat.
 20959 | D:13     | 20959 ||| INVOKING Trog's Hand.
 20961 | D:13     | 20961 ||| INVOKING Berserk.
 20981 | D:13     | Received a gift from Trog
 21041 | D:13     | Found a gate to the Vaults.
 21145 | D:13     | 21145 ||| READING scroll of enchant armour.
 21145 | D:13     | 21145 ||| ENCHANTING +0 pair of boots.
 21257 | D:13     | Noticed Sonja
 21330 | D:13     | 21330 ||| INVOKING Brothers in Arms.
 21341 | D:13     | 21341 ||| INVOKING Berserk.
 21341 | D:13     | Killed Sonja
 21519 | D:13     | 21519 ||| UPGRADING to embroidered cloak.
 21529 | D:13     | 21529 ||| DROPPING +0 cloak of magic resistance.
 21530 | D:13     | 21530 ||| UPGRADING to large shield.
 21540 | D:13     | 21540 ||| DROPPING +1 buckler "Ynnurhes" {rC+}.
 21541 | D:13     | 21541 ||| UPGRADING to glowing chain mail.
 21551 | D:13     | 21551 ||| UPGRADING to +0 plate armour.
 21561 | D:13     | 21561 ||| UPGRADING to silver ring.
 21563 | D:13     | 21563 ||| UPGRADING to ring of protection from cold.
 21565 | D:13     | 21565 ||| UPGRADING to +4 ring of evasion.
 21567 | D:13     | 21567 ||| DROPPING ring of protection from magic.
 21568 | D:13     | 21568 ||| UPGRADING to ring of protection from cold.
 21570 | D:13     | 21570 ||| READING scroll labeled JEQEIM OFUEF.
 21571 | D:13     | 21571 ||| DROPPING 8 tomahawks.
 21572 | D:13     | 21572 ||| DROPPING 6 tomahawks of returning.
 21862 | D:14     | 21862 ||| READING 2 scrolls of enchant armour.
 21862 | D:14     | 21862 ||| ENCHANTING +1 pair of boots.
 21863 | D:14     | 21863 ||| READING scroll of enchant armour.
 21863 | D:14     | 21863 ||| ENCHANTING +0 plate armour.
 21879 | D:14     | 21879 ||| READING scroll of enchant weapon.
 21879 | D:14     | 21879 ||| ENCHANTING +7 antimagic broad axe.
 21928 | D:14     | Noticed Louise
 21930 | D:14     | 21930 ||| INVOKING Trog's Hand.
 21931 | D:14     | 21931 ||| INVOKING Brothers in Arms.
 21938 | D:14     | Killed Louise
 21938 | D:14     | Reached skill level 6 in Shields
 21944 | D:14     | 21944 ||| DROPPING +2 flail of protection.
 21945 | D:14     | 21945 ||| UPGRADING to morningstar of protection.
 21946 | D:14     | 21946 ||| SWAPPING to +8 antimagic broad axe.
 22093 | D:14     | 22093 ||| INVOKING Brothers in Arms.
 22094 | D:14     | 22094 ||| SWAPPING to +3 morningstar of protection.
 22095 | D:14     | 22095 ||| INVOKING Berserk.
 22105 | D:14     | 22105 ||| SWAPPING to +8 antimagic broad axe.
 22347 | D:14     | Found Kuushih's Elemental Accessories.
 22356 | D:14     | 22356 ||| INVOKING Trog's Hand.
 22435 | D:14     | 22435 ||| DROPPING +0 chain mail of cold resistance.
 22436 | D:14     | 22436 ||| UPGRADING to ring of resist corrosion.
 22438 | D:14     | 22438 ||| UPGRADING to iron ring.
 22440 | D:14     | 22440 ||| UPGRADING to +4 ring of evasion.
 22442 | D:14     | 22442 ||| UPGRADING to ring of evasion.
 22444 | D:14     | 22444 ||| UPGRADING to ring of protection from cold.
 22446 | D:14     | 22446 ||| UPGRADING to ring of see invisible.
 22448 | D:14     | 22448 ||| DROPPING +1 ring of evasion.
 22468 | D:15     | Entered Level 15 of the Dungeon
 22546 | D:15     | 22546 ||| INVOKING Berserk.
 22728 | D:15     | Found a staircase to the Depths.
 22974 | D:15     | 22974 ||| INVOKING Burn Spellbooks.
 23109 | D:15     | 23109 ||| INVOKING Burn Spellbooks.
 23162 | D:15     | Received a gift from Trog
 23205 | D:15     | 23205 ||| EATING 14 fruits.
 23245 | D:15     | 23245 ||| EATING 13 fruits.
 23294 | D:15     | 23294 ||| STAIRDANCE
 23296 | D:14     | 23296 ||| UPGRADING to runed hat.
 23306 | D:14     | 23306 ||| UPGRADING to +2 hat.
 23316 | D:14     | 23316 ||| DROPPING +1 hat.
 23317 | D:14     | 23317 ||| UPGRADING to ring of strength.
 23319 | D:14     | 23319 ||| READING 4 scrolls of remove curse.
 23320 | D:14     | 23320 ||| REMOVING -3 ring of strength.
 23321 | D:14     | 23321 ||| UPGRADING to ring of resist corrosion.
 23322 | D:14     | 23322 ||| UPGRADING to ring of protection from cold.
 23324 | D:14     | 23324 ||| UPGRADING to ring of see invisible.
 23326 | D:14     | 23326 ||| DROPPING -3 ring of strength.
 23345 | D:15     | 23345 ||| STAIRDANCE
 23633 | D:14     | 23633 ||| EATING 12 fruits.
 23654 | D:14     | Reached skill level 9 in Shields
 23739 | Orc:1    | Entered Level 1 of the Orcish Mines
 23740 | Orc:1    | 23740 ||| Entered O.
 23740 | Orc:1    | 23740 ||| READING 9 scrolls of teleportation.
 23743 | Orc:1    | 23743 ||| STAIRDANCE
 23785 | D:10     | 23785 ||| EATING 11 fruits.
 23811 | D:10     | 23811 ||| INVOKING Trog's Hand.
 23813 | D:10     | 23813 ||| INVOKING Berserk.
 23848 | D:10     | 23848 ||| EATING 10 fruits.
 23870 | Orc:1    | 23870 ||| STAIRDANCE
 23878 | Orc:1    | 23878 ||| STAIRDANCE
 23939 | Orc:1    | 23939 ||| EATING 9 fruits.
 23991 | Orc:1    | 23991 ||| INVOKING Berserk.
 24532 | Orc:2    | Entered Level 2 of the Orcish Mines
 24813 | Orc:2    | Found a staircase to the Elven Halls.
 24882 | Orc:2    | 24882 ||| STAIRDANCE
 25112 | Orc:2    | 25112 ||| INVOKING Berserk.
 25147 | Orc:2    | 25147 ||| READING 8 scrolls of teleportation.
 25275 | Orc:2    | 25275 ||| INVOKING Trog's Hand.
 25278 | Orc:2    | 25278 ||| INVOKING Berserk.
 25285 | Orc:2    | Received a gift from Trog
 25288 | Orc:2    | Found Wuenteop's Antique Weapon Emporium.
 25288 | Orc:2    | Found Saffor's Assorted Antiques.
 25299 | Orc:2    | 25299 ||| EATING 8 fruits.
 25352 | Orc:2    | Found Plog's Weapon Emporium.
 25352 | Orc:2    | Found Ulid's Armour Shop.
 25360 | Orc:2    | Bought a scroll of remove curse for 63 gold pieces
 25360 | Orc:2    | Bought a potion of heal wounds for 105 gold pieces
 25360 | Orc:2    | Bought a potion of might for 84 gold pieces
 25360 | Orc:2    | Bought a faintly glowing plate armour for 588 gold pieces
 25425 | Orc:2    | 25425 ||| UPGRADING to runed chain mail.
 25435 | Orc:2    | 25435 ||| UPGRADING to +1 plate armour.
 25445 | Orc:2    | 25445 ||| DROPPING +3 chain mail.
 25446 | Orc:2    | 25446 ||| UPGRADING to faintly glowing plate armour.
 25456 | Orc:2    | Identified the +9 plate armour of the Arcane {rF+ rN+ MP+9} (You bought it in a shop on level 2 of the Orcish Mines)
 25456 | Orc:2    | 25456 ||| DROPPING +0 fire dragon scales.
 25457 | Orc:2    | 25457 ||| DROPPING +1 plate armour.
 25712 | D:14     | 25712 ||| INVOKING Brothers in Arms.
 25714 | D:14     | 25714 ||| SWAPPING to +3 morningstar of protection.
 25716 | D:14     | 25716 ||| INVOKING Berserk.
 25719 | D:14     | 25719 ||| EATING 7 fruits.
 25723 | D:14     | 25723 ||| SWAPPING to +8 antimagic broad axe.
 25813 | D:12     | 25813 ||| EATING 6 fruits.
 25833 | D:12     | Reached XP level 16. HP: 87/104 MP: 8/16
 26179 | Snake:1  | Entered Level 1 of the Snake Pit
 26180 | Snake:1  | 26180 ||| Entered P.
 26211 | Snake:1  | 26211 ||| INVOKING Berserk.
 26432 | Snake:1  | 26432 ||| EATING 5 fruits.
 26489 | Snake:1  | Reached skill level 12 in Shields
 26681 | Snake:1  | 26681 ||| EATING 4 fruits.
 26858 | Snake:1  | Found Liyt's Gadget Shop.
 26957 | Snake:1  | 26957 ||| EATING 3 fruits.
 27314 | Snake:1  | 27314 ||| EATING 2 fruits.
 27437 | Snake:1  | 27437 ||| INVOKING Berserk.
 27444 | Snake:1  | 27444 ||| EATING fruit.
 27491 | Snake:1  | 27491 ||| EATING 15 royal jellies.
 27775 | Snake:2  | 27775 ||| INVOKING Berserk.
 27791 | Snake:2  | 27791 ||| READING 7 scrolls of teleportation.
 27877 | Snake:2  | 27877 ||| INVOKING Berserk.
 27878 | Snake:2  | Noticed a nagaraja
 27882 | Snake:2  | Noticed a nagaraja
 27898 | Snake:2  | Killed a nagaraja
 27902 | Snake:2  | Killed a nagaraja
 27904 | Snake:2  | 27904 ||| READING 6 scrolls of teleportation.
 27907 | Snake:2  | 27907 ||| EATING 14 royal jellies.
 27922 | Snake:2  | 27922 ||| READING 5 scrolls of teleportation.
 28286 | Snake:2  | Received a gift from Trog
 28310 | Snake:2  | 28310 ||| EATING 13 royal jellies.
 28325 | Snake:2  | Noticed a nagaraja
 28329 | Snake:2  | 28329 ||| INVOKING Berserk.
 28339 | Snake:2  | Killed a nagaraja
 28652 | Snake:2  | 28652 ||| EATING 12 royal jellies.
 28709 | Snake:2  | 28709 ||| INVOKING Berserk.
 28970 | Snake:2  | 28970 ||| EATING 11 royal jellies.
 29396 | Snake:2  | Reached XP level 17. HP: 111/111 MP: 8/17
 29596 | Snake:2  | 29596 ||| EATING 10 royal jellies.
 29673 | Snake:2  | Reached skill level 18 in Axes
 30054 | Snake:2  | Received a gift from Trog
 30069 | Snake:2  | 30069 ||| SWAPPING to runed broad axe {god gift}.
 30070 | Snake:2  | 30070 ||| SWAPPING to +8 antimagic broad axe.
 30071 | Snake:2  | 30071 ||| DROPPING +2 antimagic broad axe.
 30080 | Snake:2  | 30080 ||| INVOKING Berserk.
 30102 | Snake:2  | 30102 ||| READING 5 scrolls of teleportation.
 30308 | Snake:2  | 30308 ||| INVOKING Berserk.
 30399 | Snake:2  | 30399 ||| READING scroll of enchant weapon.
 30399 | Snake:2  | 30399 ||| ENCHANTING +8 antimagic broad axe.
 30409 | Snake:2  | 30409 ||| INVOKING Burn Spellbooks.
 30564 | Snake:2  | 30564 ||| INVOKING Berserk.
 30625 | Snake:2  | 30625 ||| EATING 9 royal jellies.
 30652 | Snake:2  | 30652 ||| UPGRADING to ring of strength.
 30654 | Snake:2  | 30654 ||| UPGRADING to ring of protection from cold.
 30656 | Snake:2  | 30656 ||| UPGRADING to ring of see invisible.
 30658 | Snake:2  | 30658 ||| DROPPING +3 ring of strength.
 30779 | Snake:3  | Reached skill level 15 in Fighting
 30785 | Snake:3  | Found Guva's Food Shop.
 30988 | Snake:3  | Found a glowing golden altar of the Shining One.
 31014 | Snake:3  | 31014 ||| INVOKING Berserk.
 31022 | Snake:3  | 31022 ||| EATING 9 royal jellies.
 31292 | Snake:3  | Received a gift from Trog
 31297 | Snake:3  | 31297 ||| SWAPPING to glowing broad axe {god gift}.
 31298 | Snake:3  | 31298 ||| SWAPPING to +9 antimagic broad axe.
 31299 | Snake:3  | 31299 ||| DROPPING +7 antimagic broad axe.
 31355 | Snake:3  | Found Jula's Jewellery Shop.
 31356 | Snake:3  | Found Heazuc's Gadget Shoppe.
 31357 | Snake:3  | Found Imepa's Jewellery Shop.
 31363 | Snake:3  | Bought a +4 ring of strength for 432 gold pieces
 31363 | Snake:3  | Bought the ring "Jusm" {Ice rN+ MR+ Str+3 Dex+3} for 870 gold pieces
 31363 | Snake:3  | 31363 ||| SHOPLISTING ring of Papats {rC- rN++ MR+ Int+4} (689 gold, have 149).
 31367 | Snake:3  | 31367 ||| SHOPLISTING ring "Uqenoc" {Ice Int+3 Slay+2 Stlth+} (990 gold, have 149).
 31587 | Snake:3  | 31587 ||| UPGRADING to ring "Jusm" {Ice rN+ MR+ Str+3 Dex+3}.
 31589 | Snake:3  | 31589 ||| DROPPING +2 ring of evasion.
 31590 | Snake:3  | 31590 ||| READING scroll labeled ERAYNN BEUWK.
 31665 | Snake:4  | Entered Level 4 of the Snake Pit
 31748 | Snake:4  | 31748 ||| STAIRDANCE
 31970 | Snake:4  | Found an ornate altar of the Wu Jian Council.
 32000 | Snake:4  | 32000 ||| INVOKING Berserk.
 32008 | Snake:4  | Reached skill level 6 in Dodging
 32128 | Snake:4  | Reached skill level 15 in Shields
 32198 | Snake:4  | 32198 ||| INVOKING Berserk.
 32201 | Snake:4  | Reached XP level 18. HP: 78/119 MP: 4/18
 32212 | Snake:4  | HP: 42/178 [shock serpent/electric aura (4)]
 32223 | Snake:4  | HP: 26/178 [naga/trident (4)]
 32227 | Snake:4  | HP: 7/119 [naga sharpshooter/bolt (11)]
 32228 | Snake:4  | 32228 ||| READING 4 scrolls of teleportation.
 32228 | Snake:4  | HP: 2/119 [naga/glaive (5)]
 32229 | Snake:4  | 32229 ||| DRINKING 5 potions of heal wounds.
 32231 | Snake:4  | 32231 ||| EATING 8 royal jellies.
 32304 | Snake:4  | 32304 ||| STAIRDANCE
 32504 | Snake:3  | 32504 ||| DROPPING +3 morningstar of protection.
 32547 | Snake:4  | 32547 ||| INVOKING Burn Spellbooks.
 32559 | Snake:4  | 32559 ||| INVOKING Berserk.
 32568 | Snake:4  | 32568 ||| EATING 7 royal jellies.
 32687 | Snake:4  | 32687 ||| INVOKING Berserk.
 32689 | Snake:4  | Received a gift from Trog
 32708 | Snake:4  | Received a gift from Trog
 32790 | Snake:4  | 32790 ||| SWAPPING to runed broad axe {god gift}.
 32791 | Snake:4  | 32791 ||| SWAPPING to +9 antimagic broad axe.
 32792 | Snake:4  | 32792 ||| DROPPING +4 antimagic broad axe.
 32811 | Snake:4  | Got a serpentine rune of Zot
 32857 | Snake:4  | 32857 ||| INVOKING Berserk.
 32874 | Snake:4  | 32874 ||| READING 3 scrolls of teleportation.
 32891 | Snake:4  | 32891 ||| INVOKING Brothers in Arms.
 33246 | Snake:4  | 33246 ||| INVOKING Berserk.
 33321 | Snake:4  | Found Miggaus's Armour Shop.
 33324 | Snake:4  | Bought a +0 helmet of see invisible for 184 gold pieces
 33324 | Snake:4  | 33324 ||| SHOPLISTING +2 helmet (264 gold, have 137).
 33324 | Snake:4  | 33324 ||| SHOPLISTING +1 hat of magic resistance (256 gold, have 137).
 33678 | Snake:4  | 33678 ||| UPGRADING to +0 helmet of see invisible.
 33688 | Snake:4  | 33688 ||| DROPPING +2 hat.
 33689 | Snake:4  | 33689 ||| READING 4 scrolls of enchant armour.
 33689 | Snake:4  | 33689 ||| ENCHANTING +0 helmet of see invisible.
 33690 | Snake:4  | 33690 ||| READING 3 scrolls of enchant armour.
 33690 | Snake:4  | 33690 ||| ENCHANTING +1 helmet of see invisible.
 33999 | Vaults:1 | Entered Level 1 of the Vaults
 34000 | Vaults:1 | 34000 ||| Entered V.
 34038 | Vaults:1 | 34038 ||| EATING 6 royal jellies.
 34069 | Vaults:1 | Found Taricsic's Assorted Antiques.
 34081 | Vaults:1 | Bought a scroll of identify for 80 gold pieces
 34081 | Vaults:1 | 34081 ||| SHOPLISTING faintly humming ice dragon scales (2600 gold, have 88).
 34081 | Vaults:1 | 34081 ||| SHOPLISTING 2 potions of haste (800 gold, have 88).
 34119 | Vaults:1 | Received a gift from Trog
 34185 | Vaults:1 | Found Zaobaeg's Book Shoppe.
 34196 | Vaults:1 | 34196 ||| INVOKING Trog's Hand.
 34346 | Vaults:1 | Reached skill level 15 in Armour
 34357 | Vaults:1 | Found Kofeuc Sill's Armour Boutique.
 34459 | Vaults:1 | 34459 ||| INVOKING Brothers in Arms.
 34460 | Vaults:1 | 34460 ||| INVOKING Brothers in Arms.
 34556 | Vaults:1 | 34556 ||| INVOKING Berserk.
 34709 | Vaults:1 | 34709 ||| INVOKING Trog's Hand.
 34799 | Vaults:1 | 34799 ||| INVOKING Trog's Hand.
 34858 | Vaults:1 | 34858 ||| INVOKING Trog's Hand.
 34872 | Vaults:1 | Reached XP level 19. HP: 117/125 MP: 9/19
 34891 | Vaults:1 | Received a gift from Trog
 35038 | Vaults:1 | 35038 ||| INVOKING Trog's Hand.
 35179 | Vaults:1 | 35179 ||| INVOKING Brothers in Arms.
 35182 | Vaults:1 | 35182 ||| INVOKING Berserk.
 35422 | Vaults:1 | 35422 ||| INVOKING Trog's Hand.
 35615 | Vaults:2 | 35615 ||| STAIRDANCE
 36055 | Vaults:2 | 36055 ||| INVOKING Trog's Hand.
 36067 | Vaults:2 | Received a gift from Trog
 36115 | Vaults:2 | Found a staircase to the Crypt.
 36549 | Vaults:2 | 36549 ||| INVOKING Berserk.
 36564 | Vaults:2 | 36564 ||| READING 3 scrolls of teleportation.
 36818 | Vaults:2 | 36818 ||| EATING 5 royal jellies.
 36884 | Vaults:2 | 36884 ||| INVOKING Berserk.
 37106 | Vaults:2 | Found a portal to a secret trove of treasure.
 37298 | Vaults:2 | 37298 ||| INVOKING Trog's Hand.
 37318 | Vaults:2 | Received a gift from Trog
 37318 | Vaults:2 | Reached XP level 20. HP: 121/134 MP: 9/20
 37452 | Vaults:2 | 37452 ||| INVOKING Trog's Hand.
 37458 | Vaults:2 | 37458 ||| INVOKING Burn Spellbooks.
 37638 | Vaults:2 | Received a gift from Trog
 37844 | Vaults:2 | 37844 ||| INVOKING Trog's Hand.
 37870 | Vaults:2 | Found a shattered altar of Ashenzari.
 38033 | Vaults:3 | Reached skill level 18 in Fighting
 38036 | Vaults:3 | 38036 ||| INVOKING Trog's Hand.
 38161 | Vaults:3 | Received a gift from Trog
 38240 | Vaults:3 | 38240 ||| INVOKING Brothers in Arms.
 38241 | Vaults:3 | 38241 ||| INVOKING Brothers in Arms.
 38244 | Vaults:3 | 38244 ||| INVOKING Berserk.
 38266 | Vaults:3 | 38266 ||| READING 3 scrolls of teleportation.
 38271 | Vaults:3 | 38271 ||| INVOKING Trog's Hand.
 38272 | Vaults:3 | 38272 ||| EATING 13 bread rations.
 38288 | Vaults:3 | 38288 ||| INVOKING Trog's Hand.
 38300 | Vaults:3 | 38300 ||| INVOKING Trog's Hand.
 38387 | Vaults:3 | Reached skill level 18 in Shields
 38417 | Vaults:3 | 38417 ||| INVOKING Brothers in Arms.
 38687 | Vaults:3 | 38687 ||| INVOKING Trog's Hand.
 38721 | Vaults:3 | Received a gift from Trog
 38814 | Vaults:3 | Noticed Donald
 38832 | Vaults:3 | Killed Donald
 38912 | Vaults:3 | 38912 ||| INVOKING Trog's Hand.
 38916 | Vaults:3 | Reached skill level 18 in Armour
 38945 | Vaults:3 | 38945 ||| INVOKING Brothers in Arms.
 38985 | Vaults:3 | 38985 ||| INVOKING Burn Spellbooks.
 39288 | Vaults:3 | 39288 ||| INVOKING Trog's Hand.
 39312 | Vaults:3 | 39312 ||| EATING 5 royal jellies.
 39333 | Vaults:3 | 39333 ||| UPGRADING to ring of evasion.
 39335 | Vaults:3 | 39335 ||| DROPPING ring of see invisible.
 39336 | Vaults:3 | 39336 ||| DROPPING +4 ring of strength.
 39337 | Vaults:3 | 39337 ||| UPGRADING to ring "Jusm" {Ice rN+ MR+ Str+3 Dex+3}.
 39339 | Vaults:3 | 39339 ||| READING scroll labeled VEAXUKHLUIXU.
 39422 | Vaults:4 | Reached skill level 9 in Dodging
 39489 | Vaults:4 | 39489 ||| INVOKING Trog's Hand.
 39517 | Vaults:4 | 39517 ||| INVOKING Trog's Hand.
 39699 | Vaults:4 | Found Tyruw's Assorted Antiques.
 39707 | Vaults:4 | Bought a potion of heal wounds for 255 gold pieces
 39707 | Vaults:4 | Bought a sapphire ring for 255 gold pieces
 39707 | Vaults:4 | Bought a potion of curing for 153 gold pieces
 39812 | Vaults:4 | 39812 ||| INVOKING Trog's Hand.
 39999 | Vaults:4 | 39999 ||| INVOKING Trog's Hand.
 40049 | Vaults:4 | Reached XP level 21. HP: 142/142 MP: 21/21
 40194 | Vaults:4 | Found Riec's Antique Weapon Boutique.
 40197 | Vaults:4 | Found Xexuz's Antique Weapon Emporium.
 40268 | Vaults:4 | Received a gift from Trog
 40625 | Vaults:4 | Found Huqus's Magic Scroll Boutique.
 40633 | Vaults:4 | 40633 ||| UPGRADING to sapphire ring.
 40635 | Vaults:4 | 40635 ||| REMOVING ring of wizardry.
 40636 | Vaults:4 | 40636 ||| UPGRADING to +4 ring of evasion.
 40637 | Vaults:4 | 40637 ||| DROPPING ring of wizardry.
 40638 | Vaults:4 | 40638 ||| DROPPING 4 javelins of penetration.
 40639 | Vaults:4 | 40639 ||| DROPPING 13 javelins of returning.
 41199 | Shoals:1 | Entered Level 1 of the Shoals
 41200 | Shoals:1 | 41200 ||| Entered A.
 41219 | Shoals:1 | 41219 ||| READING scroll of brand weapon.
 41219 | Shoals:1 | 41219 ||| BRANDING +9 broad axe of freezing.
 41494 | Shoals:1 | 41494 ||| INVOKING Trog's Hand.
 41975 | Shoals:1 | 41975 ||| EATING 4 royal jellies.
 42585 | Shoals:2 | 42585 ||| INVOKING Trog's Hand.
 42940 | Shoals:3 | Received a gift from Trog
 43276 | Shoals:3 | Noticed tilp's ghost (adept HOFE)
 43289 | Shoals:3 | 43289 ||| INVOKING Brothers in Arms.
 43292 | Shoals:3 | 43292 ||| INVOKING Berserk.
 43297 | Shoals:3 | Killed tilp's ghost
 43302 | Shoals:3 | 43302 ||| EATING 4 royal jellies.
 43839 | Shoals:4 | Entered Level 4 of the Shoals
 43840 | Shoals:4 | 43840 ||| STAIRDANCE
 43951 | Shoals:4 | 43951 ||| INVOKING Trog's Hand.
 44046 | Shoals:4 | 44046 ||| INVOKING Trog's Hand.
 44301 | Shoals:4 | Received a gift from Trog
 44411 | Shoals:4 | 44411 ||| INVOKING Trog's Hand.
 44528 | Shoals:4 | Noticed Ilsuiw
 44561 | Shoals:4 | Killed Ilsuiw
 44703 | Shoals:4 | 44703 ||| INVOKING Trog's Hand.
 44819 | Shoals:4 | 44819 ||| Stepping ~*~*~tactically~*~*~ (cloud).
 45060 | Shoals:4 | Got a barnacled rune of Zot
 45126 | Shoals:4 | Received a gift from Trog
 45479 | Depths:1 | Entered Level 1 of the Depths
 45480 | Depths:1 | 45480 ||| Entered U.
 45480 | Depths:1 | 45480 ||| STAIRDANCE
 45842 | Depths:1 | Found Saarutt's Jewellery Shoppe.
 45845 | Depths:1 | Bought an uncursed ring of protection from fire for 325 gold pieces
 45896 | Depths:1 | Found Ceatywk's Pet Rocks.
 45899 | Depths:1 | Reached XP level 22. HP: 152/152 MP: 22/22
 46127 | Depths:1 | 46127 ||| INVOKING Brothers in Arms.
 46148 | Depths:1 | 46148 ||| READING scroll of acquirement.
 46242 | Depths:1 | Noticed the Enchantress
 46244 | Depths:1 | 46244 ||| INVOKING Trog's Hand.
 46251 | Depths:1 | 46251 ||| INVOKING Brothers in Arms.
 46258 | Depths:1 | 46258 ||| INVOKING Berserk.
 46276 | Depths:1 | Killed the Enchantress
 46536 | Depths:1 | Noticed Mara
 46545 | Depths:1 | 46545 ||| INVOKING Brothers in Arms.
 46547 | Depths:1 | 46547 ||| INVOKING Berserk.
 46555 | Depths:1 | Noticed adeptbot's illusion
 46585 | Depths:1 | 46585 ||| READING 5 scrolls of teleportation.
 46590 | Depths:1 | 46590 ||| EATING 4 royal jellies.
 46852 | Depths:1 | 46852 ||| INVOKING Brothers in Arms.
 46866 | Depths:1 | Noticed adeptbot's illusion
 46867 | Depths:1 | 46867 ||| READING 4 scrolls of teleportation.
 46871 | Depths:1 | 46871 ||| EATING 3 royal jellies.
 46919 | Depths:1 | 46919 ||| INVOKING Brothers in Arms.
 46920 | Depths:1 | 46920 ||| INVOKING Brothers in Arms.
 46924 | Depths:1 | 46924 ||| INVOKING Berserk.
 46945 | Depths:1 | 46945 ||| READING 3 scrolls of teleportation.
 46951 | Depths:1 | 46951 ||| EATING 2 royal jellies.
 47076 | Depths:1 | 47076 ||| INVOKING Brothers in Arms.
 47080 | Depths:1 | Noticed adeptbot's illusion
 47080 | Depths:1 | 47080 ||| INVOKING Berserk.
 47093 | Depths:1 | 47093 ||| READING 2 scrolls of teleportation.
 47147 | Depths:1 | 47147 ||| EATING royal jelly.
 47341 | Depths:1 | Found a corrupted altar of Lugonu.
 47341 | Depths:1 | Found a one-way gate to the infinite horrors of the Abyss.
 47352 | Depths:1 | 47352 ||| INVOKING Brothers in Arms.
 47370 | Depths:1 | 47370 ||| UPGRADING to runed scarf.
 47380 | Depths:1 | 47380 ||| READING 18 scrolls of identify.
 47380 | Depths:1 | 47380 ||| IDENTIFYING wand of digging (?/24)
 47381 | Depths:1 | 47381 ||| READING 5 scrolls of recharging.
 47381 | Depths:1 | 47381 ||| RECHARGING wand of digging (8/24).
 47382 | Depths:1 | 47382 ||| READING 17 scrolls of identify.
 47382 | Depths:1 | 47382 ||| IDENTIFYING wand of digging (?/24)
 47383 | Depths:1 | 47383 ||| READING 4 scrolls of recharging.
 47383 | Depths:1 | 47383 ||| RECHARGING wand of digging (9/24).
 47384 | Depths:1 | 47384 ||| READING 16 scrolls of identify.
 47384 | Depths:1 | 47384 ||| IDENTIFYING wand of digging (?/24)
 47385 | Depths:1 | 47385 ||| READING 3 scrolls of recharging.
 47385 | Depths:1 | 47385 ||| RECHARGING wand of digging (4/24).
 47386 | Depths:1 | 47386 ||| DROPPING wand of digging (21/24).
 47387 | Depths:1 | 47387 ||| DROPPING wand of digging (24/24).
 47581 | Depths:2 | 47581 ||| INVOKING Brothers in Arms.
 47585 | Depths:2 | 47585 ||| INVOKING Brothers in Arms.
 47596 | Depths:2 | Received a gift from Trog
 47598 | Depths:2 | 47598 ||| INVOKING Brothers in Arms.
 47828 | Depths:2 | 47828 ||| INVOKING Berserk.
 47880 | Depths:2 | 47880 ||| EATING 21 fruits.
 48053 | Depths:2 | 48053 ||| INVOKING Brothers in Arms.
 48056 | Depths:2 | 48056 ||| INVOKING Berserk.
 48092 | Depths:2 | Paralysed by a floating eye for 3 turns
 48169 | Depths:2 | 48169 ||| EATING 20 fruits.
 48245 | Depths:2 | 48245 ||| INVOKING Trog's Hand.
 48278 | Depths:2 | 48278 ||| INVOKING Trog's Hand.
 48296 | Depths:2 | 48296 ||| EATING 19 fruits.
 48414 | Depths:2 | 48414 ||| INVOKING Trog's Hand.
 48415 | Depths:2 | 48415 ||| INVOKING Brothers in Arms.
 48419 | Depths:2 | 48419 ||| INVOKING Berserk.
 48798 | Depths:3 | 48798 ||| INVOKING Brothers in Arms.
 48799 | Depths:3 | 48799 ||| INVOKING Brothers in Arms.
 48812 | Depths:3 | 48812 ||| INVOKING Brothers in Arms.
 48823 | Depths:3 | Found a shattered altar of Ashenzari.
 48933 | Depths:3 | Found a gateway to a ziggurat.
 49086 | Depths:3 | Reached skill level 21 in Fighting
 49138 | Depths:3 | 49138 ||| INVOKING Trog's Hand.
 49264 | Depths:3 | Found a one-way gate leading to the halls of Pandemonium.
 49329 | Depths:3 | 49329 ||| INVOKING Berserk.
 49357 | Depths:3 | Noticed a golden dragon
 49358 | Depths:3 | 49358 ||| READING 2 scrolls of teleportation.
 49534 | Depths:3 | 49534 ||| EATING 18 fruits.
 49701 | Depths:3 | Reached XP level 23. HP: 158/160 MP: 23/23
 49726 | Depths:3 | 49726 ||| INVOKING Trog's Hand.
 49727 | Depths:3 | 49727 ||| INVOKING Brothers in Arms.
 49728 | Depths:3 | 49728 ||| INVOKING Berserk.
 49952 | Depths:3 | 49952 ||| INVOKING Brothers in Arms.
 49972 | Depths:3 | Received a gift from Trog
 49999 | Depths:3 | Killed a golden dragon
 49999 | Depths:3 | Reached skill level 21 in Shields
 50005 | Depths:3 | 50005 ||| INVOKING Berserk.
 50028 | Depths:3 | 50028 ||| INVOKING Trog's Hand.
 50036 | Depths:3 | 50036 ||| READING scroll of teleportation.
 50042 | Depths:3 | 50042 ||| INVOKING Brothers in Arms.
 50250 | Depths:3 | 50250 ||| INVOKING Burn Spellbooks.
 50266 | Depths:3 | 50266 ||| INVOKING Berserk.
 50276 | Depths:3 | 50276 ||| EATING 17 fruits.
 50364 | Depths:3 | 50364 ||| EATING 16 fruits.
 50436 | Depths:3 | Noticed a caustic shrike
 50436 | Depths:3 | 50436 ||| INVOKING Brothers in Arms.
 50437 | Depths:3 | 50437 ||| INVOKING Berserk.
 50443 | Depths:3 | Killed a caustic shrike
 50456 | Depths:3 | Paralysed by a floating eye for 4 turns
 50464 | Depths:3 | 50464 ||| EATING 18 bread rations.
 50756 | Depths:3 | 50756 ||| INVOKING Trog's Hand.
 50773 | Depths:3 | 50773 ||| INVOKING Brothers in Arms.
 50774 | Depths:3 | 50774 ||| INVOKING Brothers in Arms.
 50778 | Depths:3 | 50778 ||| INVOKING Burn Spellbooks.
 50839 | Depths:3 | 50839 ||| INVOKING Trog's Hand.
 50842 | Depths:3 | 50842 ||| INVOKING Berserk.
 51135 | Depths:3 | 51135 ||| UPGRADING to scratched gilded ring.
 51137 | Depths:3 | 51137 ||| READING 12 scrolls of remove curse.
 51138 | Depths:3 | 51138 ||| REMOVING ring of teleportation.
 51139 | Depths:3 | 51139 ||| UPGRADING to +4 ring of evasion.
 51140 | Depths:3 | 51140 ||| DROPPING ring of teleportation.
 51378 | Depths:4 | 51378 ||| INVOKING Berserk.
 51395 | Depths:4 | 51395 ||| INVOKING Brothers in Arms.
 51399 | Depths:4 | 51399 ||| INVOKING Trog's Hand.
 51400 | Depths:4 | 51400 ||| EATING 17 bread rations.
 51433 | Depths:4 | 51433 ||| DRINKING 24 potions of curing.
 51433 | Depths:4 | 51433 ||| (to cure confusion)
 51669 | Depths:4 | 51669 ||| INVOKING Trog's Hand.
 51894 | Depths:4 | 51894 ||| INVOKING Berserk.
 51920 | Depths:4 | 51920 ||| INVOKING Brothers in Arms.
 51923 | Depths:4 | 51923 ||| INVOKING Brothers in Arms.
 51931 | Depths:4 | 51931 ||| EATING 16 fruits.
 52026 | Depths:4 | Noticed a caustic shrike
 52029 | Depths:4 | 52029 ||| INVOKING Trog's Hand.
 52030 | Depths:4 | 52030 ||| INVOKING Brothers in Arms.
 52032 | Depths:4 | 52032 ||| INVOKING Berserk.
 52041 | Depths:4 | Killed a caustic shrike
 52055 | Depths:4 | Reached XP level 24. HP: 168/168 MP: 23/23
 52133 | Depths:4 | Got a scintillating ivory ring
 52162 | Depths:4 | 52162 ||| INVOKING Brothers in Arms.
 52165 | Depths:4 | 52165 ||| INVOKING Trog's Hand.
 52206 | Depths:4 | Got a warped copper ring
 52270 | Depths:4 | 52270 ||| INVOKING Brothers in Arms.
 52272 | Depths:4 | 52272 ||| INVOKING Berserk.
 52460 | Depths:4 | 52460 ||| INVOKING Brothers in Arms.
 52465 | Depths:4 | 52465 ||| INVOKING Brothers in Arms.
 52474 | Depths:4 | Noticed a caustic shrike
 52476 | Depths:4 | Noticed a caustic shrike
 52479 | Depths:4 | 52479 ||| INVOKING Berserk.
 52486 | Depths:4 | Killed a caustic shrike
 52488 | Depths:4 | Killed a caustic shrike
 52501 | Depths:4 | Noticed a caustic shrike
 52508 | Depths:4 | 52508 ||| READING scroll of teleportation.
 52816 | Depths:4 | 52816 ||| INVOKING Brothers in Arms.
 52819 | Depths:4 | 52819 ||| EATING 15 fruits.
 52824 | Depths:4 | 52824 ||| INVOKING Berserk.
 52828 | Depths:4 | 52828 ||| EATING 14 fruits.
 52913 | Depths:4 | 52913 ||| INVOKING Brothers in Arms.
 52920 | Depths:4 | Killed a caustic shrike
 52921 | Depths:4 | 52921 ||| EATING 13 fruits.
 52942 | Depths:4 | 52942 ||| INVOKING Burn Spellbooks.
 53132 | Depths:4 | 53132 ||| INVOKING Berserk.
 53137 | Depths:4 | 53137 ||| EATING 12 fruits.
 53151 | Depths:4 | 53151 ||| EATING 11 fruits.
 53210 | Depths:4 | 53210 ||| UPGRADING to runed cloak.
 53220 | Depths:4 | 53220 ||| UPGRADING to +2 cloak of poison resistance.
 53230 | Depths:4 | 53230 ||| DROPPING +1 cloak.
 53231 | Depths:4 | 53231 ||| UPGRADING to runed scarf.
 53241 | Depths:4 | 53241 ||| UPGRADING to +2 cloak of poison resistance.
 53251 | Depths:4 | 53251 ||| DROPPING scarf of cloud immunity.
 53252 | Depths:4 | 53252 ||| UPGRADING to scintillating ivory ring.
 53253 | Depths:4 | Identified the ring of Zamol {rC+ AC+3 Str+4 Int+5} (You found it on level 4 of the Depths)
 53254 | Depths:4 | 53254 ||| DROPPING +4 ring of evasion.
 53255 | Depths:4 | 53255 ||| DROPPING ring of protection from cold.
 53256 | Depths:4 | 53256 ||| UPGRADING to copper ring.
 53258 | Depths:4 | 53258 ||| UPGRADING to ring of resist corrosion.
 53260 | Depths:4 | 53260 ||| UPGRADING to ring of protection from fire.
 53262 | Depths:4 | 53262 ||| DROPPING ring of positive energy.
 53263 | Depths:4 | 53263 ||| UPGRADING to +4 ring of evasion.
 53265 | Depths:4 | 53265 ||| UPGRADING to ring of Zamol {rC+ AC+3 Str+4 Int+5}.
 53267 | Depths:4 | 53267 ||| UPGRADING to warped copper ring.
 53268 | Depths:4 | Identified the cursed ring of Departure {Str-6 Dex+3} (You found it on level 4 of the Depths)
 53269 | Depths:4 | 53269 ||| READING 14 scrolls of remove curse.
 53270 | Depths:4 | 53270 ||| REMOVING ring of Departure {Str-6 Dex+3}.
 53271 | Depths:4 | 53271 ||| UPGRADING to ring of resist corrosion.
 53272 | Depths:4 | 53272 ||| UPGRADING to ring of protection from fire.
 53274 | Depths:4 | 53274 ||| UPGRADING to ring of Zamol {rC+ AC+3 Str+4 Int+5}.
 53276 | Depths:4 | 53276 ||| DROPPING ring of Departure {Str-6 Dex+3}.
 53277 | Depths:4 | 53277 ||| READING 18 scrolls of identify.
 53277 | Depths:4 | 53277 ||| IDENTIFYING amethyst potion
 53278 | Depths:4 | 53278 ||| DROPPING potion of magic.
 53309 | Depths:5 | Entered Level 5 of the Depths
 53309 | Depths:5 | Noticed a juggernaut
 53310 | Depths:5 | 53310 ||| INVOKING Brothers in Arms.
 53313 | Depths:5 | 53313 ||| INVOKING Berserk.
 53319 | Depths:5 | Killed a juggernaut
 53320 | Depths:5 | Noticed a caustic shrike
 53321 | Depths:5 | Noticed a caustic shrike
 53321 | Depths:5 | Received a gift from Trog
 53322 | Depths:5 | Noticed a caustic shrike
 53323 | Depths:5 | Noticed a caustic shrike
 53323 | Depths:5 | Noticed a caustic shrike
 53330 | Depths:5 | Killed a caustic shrike
 53332 | Depths:5 | 53332 ||| INVOKING Brothers in Arms.
 53333 | Depths:5 | 53333 ||| EATING 17 bread rations.
 53337 | Depths:5 | Killed a caustic shrike
 53338 | Depths:5 | Killed a caustic shrike
 53338 | Depths:5 | Reached skill level 21 in Armour
 53339 | Depths:5 | Killed a caustic shrike
 53342 | Depths:5 | Killed a caustic shrike
 53606 | Depths:5 | Noticed a caustic shrike
 53607 | Depths:5 | Noticed a caustic shrike
 53607 | Depths:5 | Noticed a caustic shrike
 53608 | Depths:5 | 53608 ||| INVOKING Brothers in Arms.
 53609 | Depths:5 | 53609 ||| INVOKING Berserk.
 53617 | Depths:5 | Killed a caustic shrike
 53618 | Depths:5 | Killed a caustic shrike
 53626 | Depths:5 | Killed a caustic shrike
 53842 | Depths:5 | Found Isiz's General Store.
 53842 | Depths:5 | Found Meilu's Magic Scroll Emporium.
 53852 | Depths:5 | Bought a potion of might for 56 gold pieces
 53852 | Depths:5 | Bought a scroll of teleportation for 42 gold pieces
 53858 | Depths:5 | Bought a scroll of enchant armour for 82 gold pieces
 53954 | Depths:5 | 53954 ||| INVOKING Trog's Hand.
 54143 | Depths:5 | 54143 ||| Stepping ~*~*~tactically~*~*~ (cloud).
 54253 | Depths:5 | Reached XP level 25. HP: 160/173 MP: 23/23
 54431 | Depths:5 | Found a gate to the Realm of Zot.
 54509 | Depths:5 | 54509 ||| INVOKING Trog's Hand.
 54510 | Depths:5 | 54510 ||| INVOKING Brothers in Arms.
 54512 | Depths:5 | 54512 ||| INVOKING Berserk.
 54666 | Depths:5 | Found Irext's Assorted Antiques.
 54674 | Depths:5 | Bought a pair of runed gloves for 337 gold pieces
 54716 | Depths:5 | 54716 ||| INVOKING Berserk.
 54726 | Depths:5 | 54726 ||| INVOKING Trog's Hand.
 54727 | Depths:5 | 54727 ||| INVOKING Brothers in Arms.
 54731 | Depths:5 | 54731 ||| READING 2 scrolls of teleportation.
 54739 | Depths:5 | 54739 ||| INVOKING Brothers in Arms.
 54746 | Depths:5 | 54746 ||| EATING 2 royal jellies.
 54881 | Depths:5 | 54881 ||| INVOKING Berserk.
 55005 | Depths:5 | 55005 ||| UPGRADING to pair of runed gloves.
 55015 | Depths:5 | 55015 ||| UPGRADING to embroidered cloak.
 55025 | Depths:5 | 55025 ||| DROPPING +2 cloak of poison resistance.
 55026 | Depths:5 | 55026 ||| DROPPING +2 pair of gloves.
 55405 | Vaults:5 | Entered Level 5 of the Vaults
 55407 | Vaults:5 | 55407 ||| STAIRDANCE
 55434 | Vaults:5 | 55434 ||| STAIRDANCE
 55490 | Vaults:5 | 55490 ||| STAIRDANCE
 55522 | Vaults:5 | 55522 ||| STAIRDANCE
 55595 | Vaults:5 | Found Tigut's Magic Scroll Shoppe.
 55613 | Vaults:5 | Bought a scroll of enchant weapon for 165 gold pieces
 55613 | Vaults:5 | Bought a scroll of enchant weapon for 165 gold pieces
 55635 | Vaults:5 | Received a gift from Trog
 55675 | Vaults:5 | 55675 ||| INVOKING Trog's Hand.
 55690 | Vaults:5 | 55690 ||| INVOKING Berserk.
 55709 | Vaults:5 | Found Ilent's Magic Scroll Boutique.
 55710 | Vaults:5 | 55710 ||| INVOKING Trog's Hand.
 55715 | Vaults:5 | 55715 ||| INVOKING Brothers in Arms.
 55717 | Vaults:5 | Found Asoad's Distillery.
 55810 | Vaults:5 | Got a silver rune of Zot
 55821 | Vaults:5 | Found Puucef's Distillery.
 55822 | Vaults:5 | Bought a scroll of enchant armour for 142 gold pieces
 55822 | Vaults:5 | 55822 ||| SHOPLISTING scroll of enchant weapon (142 gold, have 36).
 55829 | Vaults:5 | 55829 ||| SHOPLISTING potion of might (48 gold, have 36).
 55829 | Vaults:5 | Bought a potion of curing for 36 gold pieces
 55843 | Vaults:5 | 55843 ||| SHOPLISTING potion of curing (42 gold, have 0).
 55843 | Vaults:5 | 55843 ||| SHOPLISTING potion of might (56 gold, have 0).
 55843 | Vaults:5 | 55843 ||| SHOPLISTING potion of heal wounds (70 gold, have 0).
 55900 | Vaults:5 | 55900 ||| INVOKING Trog's Hand.
 56000 | Vaults:5 | 56000 ||| INVOKING Trog's Hand.
 56014 | Vaults:5 | 56014 ||| STAIRDANCE
 56097 | Vaults:5 | 56097 ||| INVOKING Berserk.
 56103 | Vaults:5 | Received a gift from Trog
 56118 | Vaults:5 | 56118 ||| STAIRDANCE
 56163 | Vaults:5 | Found Userch's Distillery.
 56167 | Vaults:5 | Bought a potion of curing for 39 gold pieces
 56167 | Vaults:5 | 56167 ||| SHOPLISTING 2 potions of resistance (260 gold, have 78).
 56167 | Vaults:5 | 56167 ||| SHOPLISTING potion of resistance (130 gold, have 78).
 56167 | Vaults:5 | Bought a potion of might for 52 gold pieces
 56167 | Vaults:5 | 56167 ||| SHOPLISTING potion of curing (39 gold, have 26).
 56167 | Vaults:5 | 56167 ||| SHOPLISTING potion of might (52 gold, have 26).
 56222 | Vaults:5 | 56222 ||| INVOKING Trog's Hand.
 56309 | Vaults:5 | 56309 ||| INVOKING Trog's Hand.
 56371 | Vaults:5 | 56371 ||| INVOKING Burn Spellbooks.
 56385 | Vaults:5 | 56385 ||| Stepping randomly (cloudy).
 56437 | Vaults:5 | 56437 ||| INVOKING Burn Spellbooks.
 56616 | Vaults:5 | Reached XP level 26. HP: 182/182 MP: 23/23
 56660 | Vaults:5 | 56660 ||| INVOKING Trog's Hand.
 56762 | Vaults:5 | Received a gift from Trog
 56827 | Vaults:5 | 56827 ||| INVOKING Brothers in Arms.
 56946 | Vaults:5 | 56946 ||| INVOKING Trog's Hand.
 57007 | Vaults:5 | 57007 ||| INVOKING Trog's Hand.
 57152 | Vaults:5 | Found Dinynnul's Food Shop.
 57152 | Vaults:5 | Found Ryt Baaff's Distillery.
 57163 | Vaults:5 | Bought a potion of heal wounds for 75 gold pieces
 57163 | Vaults:5 | Bought a potion of curing for 45 gold pieces
 57163 | Vaults:5 | Bought a potion of mutation for 120 gold pieces
 57163 | Vaults:5 | Bought a potion of might for 60 gold pieces
 57182 | Vaults:5 | Found Ruodoupim's Magic Scroll Boutique.
 57186 | Vaults:5 | 57186 ||| SHOPLISTING scroll of enchant armour (172 gold, have 91).
 57186 | Vaults:5 | 57186 ||| SHOPLISTING scroll of acquirement (1196 gold, have 91).
 57487 | Vaults:5 | 57487 ||| INVOKING Burn Spellbooks.
 57565 | Vaults:5 | 57565 ||| UPGRADING to shiny crystal plate armour.
 57575 | Vaults:5 | 57575 ||| UPGRADING to pair of runed gloves.
 57585 | Vaults:5 | 57585 ||| UPGRADING to +9 plate armour of the Arcane {rF+ rN+ MP+9}.
 57595 | Vaults:5 | 57595 ||| DROPPING +1 crystal plate armour.
 57596 | Vaults:5 | 57596 ||| READING 7 scrolls of enchant armour.
 57596 | Vaults:5 | 57596 ||| ENCHANTING cursed +0 pair of gloves.
 57597 | Vaults:5 | 57597 ||| READING 6 scrolls of enchant armour.
 57597 | Vaults:5 | 57597 ||| ENCHANTING cursed +1 pair of gloves.
 57598 | Vaults:5 | 57598 ||| DROPPING +2 pair of gloves.
 57599 | Vaults:5 | 57599 ||| READING 15 scrolls of remove curse.
 57762 | D:13     | 57762 ||| SHOPPING SPREE
 57863 | Vaults:3 | 57863 ||| EATING 2 royal jellies.
 57864 | Vaults:3 | 57864 ||| SHOPPING SPREE
 57899 | Vaults:5 | 57899 ||| SHOPPING SPREE
 57905 | Vaults:5 | 57905 ||| INVOKING Trog's Hand.
 57922 | Vaults:5 | 57922 ||| SHOPPING SPREE
 57927 | Vaults:5 | Bought a potion of curing for 39 gold pieces
 57927 | Vaults:5 | Bought a potion of might for 52 gold pieces
 57927 | Vaults:5 | 57927 ||| CLEARING SHOPPING LIST
 57928 | Vaults:5 | 57928 ||| SHOPLISTING 2 potions of resistance (260 gold, have 0).
 57928 | Vaults:5 | 57928 ||| SHOPLISTING potion of resistance (130 gold, have 0).
 58222 | D:7      | Fell from the grace of Trog
 58222 | D:7      | Became a worshipper of the Shining One
 58691 | Crypt:1  | Entered Level 1 of the Crypt
 58692 | Crypt:1  | 58692 ||| Entered C.
 58722 | Crypt:1  | 58722 ||| EATING royal jelly.
 58755 | Crypt:1  | Reached * piety under the Shining One
 58803 | Crypt:1  | Reached skill level 24 in Fighting
 58829 | Crypt:1  | Reached ** piety under the Shining One
 59075 | Crypt:1  | Reached *** piety under the Shining One
 59153 | Crypt:1  | Noticed Jory
 59162 | Crypt:1  | Killed Jory
 59169 | Crypt:1  | Reached **** piety under the Shining One
 59240 | Crypt:1  | Reached ***** piety under the Shining One
 59270 | Crypt:1  | Reached skill level 1 in Invocations
 59510 | Crypt:1  | Found a basalt altar of Yredelemnul.
 59539 | Crypt:1  | 59539 ||| READING scroll of acquirement.
 59811 | Crypt:1  | 59811 ||| EATING 10 fruits.
 59907 | Crypt:2  | Reached skill level 3 in Invocations
 59920 | Crypt:2  | Reached ****** piety under the Shining One
 59942 | Crypt:2  | 59942 ||| INVOKING Brand Weapon With Holy Wrath.
 59942 | Crypt:2  | Identified a +9 broad axe of holy wrath (a +9 broad axe of electrocution blessed by the Shining One)
 59942 | Crypt:2  | Received a gift from the Shining One
 60045 | Crypt:2  | 60045 ||| EATING 9 fruits.
 60311 | Crypt:2  | 60311 ||| EATING 8 fruits.
 60619 | Crypt:2  | Noticed Saint Roka
 60637 | Crypt:2  | Killed Saint Roka
 60678 | Crypt:2  | 60678 ||| STAIRDANCE
 60882 | Crypt:1  | 60882 ||| EATING 7 fruits.
 60962 | Crypt:2  | Noticed Jorgrun
 60972 | Crypt:2  | Killed Jorgrun
 60977 | Crypt:2  | Reached skill level 24 in Shields
 61158 | Crypt:2  | Reached skill level 6 in Invocations
 61244 | Crypt:3  | Entered Level 3 of the Crypt
 61425 | Crypt:3  | Noticed Xtahua
 61426 | Crypt:3  | 61426 ||| DRINKING 2 potions of resistance.
 61437 | Crypt:3  | Paralysed by Xtahua for 2 turns
 61446 | Crypt:3  | Killed Xtahua
 61451 | Crypt:3  | 61451 ||| EATING 6 fruits.
 61704 | Crypt:3  | 61704 ||| EATING 5 fruits.
 62146 | Crypt:3  | Reached XP level 27. HP: 190/190 MP: 28/28
 62160 | Crypt:3  | Reached skill level 12 in Dodging
 62275 | Crypt:3  | 62275 ||| Stepping ~*~*~tactically~*~*~ (cloud).
 62438 | Crypt:3  | 62438 ||| INVOKING Summon Divine Warrior.
 62439 | Crypt:3  | HP: 44/190 [black bear[the rage of Trog] (7)]
 62440 | Crypt:3  | 62440 ||| READING 2 scrolls of teleportation.
 62441 | Crypt:3  | 62441 ||| DRINKING 11 potions of heal wounds.
 62444 | Crypt:3  | 62444 ||| EATING 4 fruits.
 62453 | Crypt:3  | Paralysed by Trog for 4 turns
 62472 | Crypt:3  | 62472 ||| INVOKING Summon Divine Warrior.
 62473 | Crypt:3  | 62473 ||| INVOKING Summon Divine Warrior.
 62474 | Crypt:3  | 62474 ||| INVOKING Summon Divine Warrior.
 62475 | Crypt:3  | 62475 ||| INVOKING Summon Divine Warrior.
 62476 | Crypt:3  | 62476 ||| INVOKING Summon Divine Warrior.
 62569 | Crypt:3  | 62569 ||| EATING 3 fruits.
 62841 | Crypt:3  | 62841 ||| EATING 2 fruits.
 62914 | Crypt:3  | Noticed Sojobo
 62926 | Crypt:3  | 62926 ||| INVOKING Summon Divine Warrior.
 62928 | Crypt:3  | Reached skill level 9 in Invocations
 62929 | Crypt:3  | 62929 ||| INVOKING Summon Divine Warrior.
 62938 | Crypt:3  | Killed Sojobo
 62941 | Crypt:3  | 62941 ||| EATING fruit.
 62975 | Crypt:3  | Found a staircase to the Tomb.
 63012 | Crypt:3  | Noticed an ancient lich
 63018 | Crypt:3  | Killed an ancient lich
 63417 | Crypt:3  | 63417 ||| EATING 18 bread rations.
 63744 | Tomb:1   | Entered Level 1 of the Tomb of the Ancients
 63745 | Tomb:1   | 63745 ||| Entered W.
 63745 | Tomb:1   | 63745 ||| STAIRDANCE
 63756 | Tomb:1   | 63756 ||| STAIRDANCE
 64058 | Tomb:1   | Noticed Boris
 64128 | Tomb:1   | 64128 ||| INVOKING Summon Divine Warrior.
 64135 | Tomb:1   | Killed Boris
 64285 | Tomb:1   | Noticed a greater mummy
 64294 | Tomb:1   | Killed a greater mummy
 64374 | Tomb:1   | Noticed a greater mummy
 64387 | Tomb:1   | Killed a greater mummy
 64533 | Tomb:1   | Got a faintly glowing broad axe {flame}
 64534 | Tomb:1   | 64534 ||| UPGRADING to faintly glowing broad axe {flame}.
 64534 | Tomb:1   | Identified the +10 broad axe of the Wheel {flame, Dex+3} (You took it off a guardian mummy on level 1 of the Tomb of the Ancients)
 64535 | Tomb:1   | 64535 ||| SWAPPING to +9 broad axe of holy wrath.
 64555 | Tomb:1   | 64555 ||| Stepping randomly (cloudy).
 64556 | Tomb:1   | 64556 ||| Stepping randomly (cloudy).
 64557 | Tomb:1   | 64557 ||| Stepping randomly (cloudy).
 64558 | Tomb:1   | 64558 ||| Stepping randomly (cloudy).
 64718 | Tomb:1   | 64718 ||| EATING royal jelly.
 64735 | Tomb:2   | Noticed a greater mummy
 64735 | Tomb:2   | 64735 ||| INVOKING Summon Divine Warrior.
 64739 | Tomb:2   | Noticed a greater mummy
 64739 | Tomb:2   | Noticed a greater mummy
 64739 | Tomb:2   | Noticed a greater mummy
 64743 | Tomb:2   | Reached skill level 24 in Armour
 64749 | Tomb:2   | HP: 44/190 [emperor scorpion[a greater mummy] (6)]
 64750 | Tomb:2   | 64750 ||| READING scroll of teleportation.
 64751 | Tomb:2   | 64751 ||| DRINKING 10 potions of heal wounds.
 64752 | Tomb:2   | 64752 ||| DRINKING 9 potions of heal wounds.
 64753 | Tomb:2   | 64753 ||| DRINKING 8 potions of heal wounds.
 64761 | Tomb:2   | 64761 ||| INVOKING Summon Divine Warrior.
 64762 | Tomb:2   | 64762 ||| INVOKING Summon Divine Warrior.
 64763 | Tomb:2   | HP: 47/190 [??? (9)]
 64764 | Tomb:2   | 64764 ||| DRINKING 7 potions of heal wounds.
 64777 | Tomb:2   | 64777 ||| INVOKING Summon Divine Warrior.
 64777 | Tomb:2   | HP: 42/190 [??? (8)]
 64778 | Tomb:2   | 64778 ||| DRINKING 6 potions of heal wounds.
 64779 | Tomb:2   | 64779 ||| INVOKING Summon Divine Warrior.
 64781 | Tomb:2   | 64781 ||| DRINKING 5 potions of heal wounds.
 64782 | Tomb:2   | HP: 45/190 [??? (8)]
 64783 | Tomb:2   | 64783 ||| DRINKING 4 potions of heal wounds.
 64788 | Tomb:2   | Killed a greater mummy
 64788 | Tomb:2   | Reached skill level 12 in Invocations
 64802 | Tomb:2   | Killed a greater mummy
 64805 | Tomb:2   | HP: 44/190 [greater mummy/divine providence (10)]
 64806 | Tomb:2   | 64806 ||| DRINKING 3 potions of heal wounds.
 64808 | Tomb:2   | 64808 ||| INVOKING Summon Divine Warrior.
 64809 | Tomb:2   | 64809 ||| DRINKING 2 potions of heal wounds.
 64810 | Tomb:2   | 64810 ||| INVOKING Summon Divine Warrior.
 64812 | Tomb:2   | 64812 ||| INVOKING Summon Divine Warrior.
 64814 | Tomb:2   | HP: 42/190 [greater mummy/divine providence (12)]
 64815 | Tomb:2   | 64815 ||| DRINKING potion of heal wounds.
 64817 | Tomb:2   | Mangled by a stone giant

Vault maps used:
D:1:      dpeg_arrival_short_road, dk_noncrumbling_2, nrook_mini_vaults
D:2:      grunt_dithmenos_smoke_and_mirrors,
          gammafunk_temple_overflow_forgotten, st_stairs_14
D:3:      lemuel_zombie_altar_yredelemnul, nicolae_overflow_hidden_temple
D:4:      zin_treasury, kennysheep_mini, minmay_temple_entry_statues_fountains,
          first_bread, corner_web_ring
D:5:      vehumet_altar_wand_db, uniq_sigmund
D:6:      bloody_trog
D:7:      lemuel_ratsnest, nicolae_tso_besieged_by_evil, serial_shops,
          nicolae_shop_temple_entry_statues_fountains, basic_altar
D:9:      makhleb_blood_cavern_becter, okawaru_trees_1
D:10:     lair_entry_dummy, erik_orc_3, serial_shops, shop_fountains,
          uniq_josephine
D:11:     cheibrodos_wizards_tower, hangedman_pestilent_swarm
D:12:     hangedman_abyss_or_decor_jellyfish_corner, columned_hall_lemuel,
          grunt_ministairs_10, minmay_item_behind_shaft
D:13:     grunt_vaults_entry_fortified, uniq_maurice, uniq_sonja, uniq_rupert
D:14:     minmay_misc_feat_diagonals, nicolae_elemental_shop, uniq_louise
D:15:     grunt_enter_depths_hoard, serial_bayou, serial_bayou_pond_c,
          serial_bayou_lake_a, serial_bayou_pond_b, serial_bayou_crossing,
          serial_bayou_lagoon_a
Temple:   jpeg_temple_island
Lair:2:   shoals_dummy_entry, guppyfry_snake_entry_island, beast_lair_carwin_3
Lair:3:   pond_and_an_island_with_a_cottage, uniq_harold
Lair:4:   uniq_urug
Lair:5:   minmay_slime_entry_pillars
Lair:6:   evil_forest, nicolae_lair_grove_arrangements
Shoals:2: kb_tengu_band
Shoals:3: yaktaur_hedge
Shoals:4: shoals_end_grunt_ice, shoals_ilsuiw_alternative
Snake:1:  serial_shops, shop
Snake:2:  kennysheep_snake, hangedman_snake_sidewinding
Snake:3:  serial_shops, nicolae_shop_behind_doors, basic_altar,
          grunt_ministairs_10, minmay_shop_grove, serial_bayou_shore_a
Snake:4:  johnstein_snake_rune_scales, basic_altar, serial_shops,
          nicolae_shop_behind_doors
Orc:1:    rock_pile
Orc:2:    grunt_orc_tribal_feast
Vaults:1: nicolae_vaults_little_squares_3, dpeg_vaults_monster_row,
          vaults_dpeg_spiral, v_alt_pattern_5, v_misc_29, v_misc_19,
          hangedman_vaults_trim, nicolae_vaults_specimen_jars,
          vaults_room_pools, nicolae_vaults_alarming, ontoclasm_vaults_pinch,
          vaults_room_door_hall, v_alt_pattern_1, vaults_dpeg_ring,
          nicolae_vaults_meeting, vaults_room_hallway, serial_shops,
          shop_statue, nicolae_shop_behind_doors, shop
Vaults:2: minmay_crypt_entry_simple_corners, ontoclasm_vaults_ring_small,
          nicolae_vaults_asterisk, hangedman_vaults_stagger,
          hangedman_vaults_river_flow, grunt_vaults_funnel, basic_altar,
          nicolae_trove_entry_path_of_doom
Vaults:3: v_misc_19, nicolae_vaults_fighting_squares,
          nicolae_vaults_diagonal_hallway_9, nicolae_vaults_sealed_display,
          vaults_mumra_hexcomb, nicolae_vaults_network_star,
          nicolae_vaults_big_angled_halls, nicolae_vaults_three_branches,
          v_alt_pattern_6, hangedman_vaults_stitches, vaults_room_ringed_pool,
          nicolae_vaults_shelves_hall, serial_ice_h, uniq_donald
Vaults:4: v_pattern_2, grunt_vaults_swirl, vaults_room_pool,
          nicolae_vaults_little_squares_3, v_misc_8, vaults_dpeg_diagonal,
          nicolae_vaults_shelves_hall, vaults_dpeg_encased_lava, serial_shops,
          nicolae_shop_crystal, shop, shop_fountains,
          nicolae_shop_overgrown_old_shop
Crypt:1:  lemuel_vampire_tower, grunt_crypt_arrival_split
Crypt:2:  minivault_24, minivault_14, grunt_ministairs_2, uniq_jorgrun,
          uniq_saint_roka
Crypt:3:  quadcrypt_mu, uniq_xtahua, uniq_sojobo
Tomb:1:   uniq_boris, uniq_khufu
Depths:1: abyss_entry_flame_altar, lightli_too_deep, spider_trap,
          guppyfry_shop_earth, minmay_shop_star, uniq_enchantress, uniq_mara
Depths:2: impenetrable_vault, hangedman_tar_grid_catacomb,
          infiniplex_staircase_squiggle, spider_trap
Depths:3: minmay_tearing_corner, enter_ziggurat_b, pan_entry,
          nicolae_ashenzari_panopticon, hell_entry, kennysheep_generic_room_13,
          infiniplex_staircase_split_hallway
Depths:4: hangedman_pleasuredromes, pan_entry, hell_entry, abyss_entry
Depths:5: evilmike_zot_entry_gauntlet, serial_shops, shop, hell_entry,
          serial_bayou_pond_e, serial_bayou_shore_b,
          roderic_lattice_octagonal_star, minmay_shoptagon

Skill      XL: |  1  2  3  4  5  6  7  8  9 10 11 12 13 14 15 16 17 18 19 20 21 22 23 24 25 26 27 |
---------------+----------------------------------------------------------------------------------+-----
Axes           | 3 4 5 6 7 8 10 12 14 15 17 18 | 18.0
Fighting       | 4 5 6 7 9 10 11 12 13 14 15 16 17 18 19 21 22 23 24 | 24.2
Armour         | 3 5 7 8 9 11 12 13 14 16 17 18 19 20 22 23 24 | 24.0
Shields        | 4 11 14 15 16 17 18 19 20 21 22 23 24 | 24.0
Dodging        | 2 3 4 6 7 8 9 10 11 12 | 12.0
Invocations    | 7 12 | 12.1

Action                   |  1- 3 |  4- 6 |  7- 9 | 10-12 | 13-15 | 16-18 | 19-21 | 22-24 | 25-27 || total
-------------------------+-------+-------+-------+-------+-------+-------+-------+-------+-------++-------
Melee: Hand axe          |   106 |   173 |    63 |       |       |       |       |       |       ||   342
       War axe           |       |       |   377 |   663 |   202 |       |       |       |       ||  1242
       Flail             |       |       |       |     2 |    46 |       |       |       |       ||    48
       Broad axe         |       |       |       |       |  1014 |  1318 |  1643 |  1272 |  1611 ||  6858
       Morningstar       |       |       |       |       |     8 |       |       |       |       ||     8
Throw: Tomahawk          |    10 |       |       |       |    19 |       |       |       |       ||    29
       Javelin           |       |       |       |       |   152 |    24 |    51 |       |       ||   227
Invok: Berserk           |     1 |     2 |     8 |    21 |    19 |    17 |     5 |    22 |     5 ||   100
       Brothers in Arms  |       |       |       |     3 |    11 |     3 |     6 |    32 |     5 ||    60
       Burn Spellbooks   |       |       |       |     1 |     4 |     2 |     2 |     3 |     3 ||    15
       Trog's Hand       |       |       |       |       |     8 |     4 |    23 |    14 |    12 ||    61
       Divine Shield     |       |       |       |       |       |       |       |       |     1 ||     1
       Brand Weapon With |       |       |       |       |       |       |       |       |     1 ||     1
       Summon Divine War |       |       |       |       |       |       |       |       |    11 ||    11
 Abil: Fly               |       |       |       |       |     1 |       |       |       |       ||     1
  Use: Scroll            |     5 |     5 |     7 |     9 |    19 |    10 |     4 |    17 |     7 ||    83
       Potion            |       |     3 |     1 |     5 |       |     1 |       |     1 |    12 ||    23
 Stab: Distracted        |       |       |       |       |     3 |       |       |     7 |       ||    10
  Eat: Chunk             |     2 |     4 |    16 |    31 |    56 |    23 |    43 |    34 |    27 ||   236
       Royal jelly       |     1 |     1 |     1 |       |       |    11 |     4 |     4 |     4 ||    26
       Bread ration      |       |     1 |       |       |       |       |       |     3 |     1 ||     5
       Meat ration       |       |       |     1 |       |       |       |       |       |       ||     1
       Fruit             |       |       |       |    12 |    11 |     5 |       |    12 |    10 ||    50
Armor: Animal skin       |    12 |       |       |       |       |       |       |       |       ||    12
       Scale mail        |    16 |     9 |       |       |       |       |       |       |       ||    25
       Chain mail        |       |    67 |    44 |       |       |       |       |       |       ||   111
       Plate armour      |       |       |   168 |   312 |   494 |   454 |   443 |   448 |   604 ||  2923
Dodge: Dodged            |    72 |    66 |   232 |   380 |   509 |   291 |   372 |   386 |   446 ||  2754
Block: Buckler           |       |       |     7 |   136 |   171 |       |       |       |       ||   314
       Large shield      |       |       |       |       |   259 |  1213 |  1409 |  1149 |  1621 ||  5651
